Workbook
Name 応募分野: #REF!
Name 応募分野: #REF!
Name 音楽費: #REF!
Name 会場費: #REF!
Name 会場費・舞台費・運搬費: #REF!
Name 活動区分: #REF!
Name 感染症対策経費: #REF!
Name 稽古費: #REF!
Name 謝金・旅費・宣伝費等: #REF!
Name 出演費・音楽費・文芸費: #REF!
Name 助成対象外経費: #REF!
Name 伝_音楽費: #REF!
Name 伝_出演費: #REF!
Name 伝_文芸費: #REF!
Name 伝大_P61: #REF!
Name 配信費: #REF!
Name 舞台費: #REF!
Name 文芸費: #REF!
Name 旅費: #REF!

Sheet 共通入力シート
A1: ◆各シートと連動しています。入力作業の省力、誤入力防止にご利用ください。◆ | C1: ↓「ふりがな」を入力してください
A2: 劇場・音楽堂等名
A3: 住所（郵便番号）
A4: 住所(所在地／都道府県名）
A5: 住所(所在地／市町村以下）
A6: 設置者
A7: 住所（郵便番号）
A8: 住所(所在地／都道府県名）
A9: 住所(所在地／市町村以下）
A10: 代表者職
A11: 代表者氏名
A12: 団体名
A13: 住所（郵便番号）
... A22: その他の場合の住所（所在地）
B23: ※データ入力用のシートですので、本シートのPDFでの提出は不要です。

Sheet （表紙）
A1: 様式第１号（第３条関係） | E1: 令和９年度文化芸術振興費補助金による 助 成 金 交 付 要 望 書 （劇場・音楽堂等機能強化推進事業）
L5: 令和 ８ 年 | N5: 月 | P5: 日 | Y5: ←応募書類の提出期間内の日付を記載してください。
A6: 独立行政法人日本芸術文化振興会理事長 殿
H8: 劇場・音楽堂等名 | J8: =IF(共通入力シート!B2=0,"",共通入力シート!B2) | R8: 要望事業一覧の合計 | S8: 本体 | T8: BF設備以外 | U8: BF設備
J9: 〒 | K9: =IF(共通入力シート!B3=0,"",共通入力シート!B3) | R9: 公演事業 | S9: ='様式1-4（要望事業一覧）'!$M$25 -> 0 | T9: ='様式1-4（要望事業一覧）'!$R$26 -> 0 | U9: ='様式1-4（要望事業一覧）'!$V$26 -> 0
H10: 住所（所在地） | J10: =IF(共通入力シート!B4=0,"",共通入力シート!B4) | L10: =IF(共通入力シート!B5=0,"",共通入力シート!B5) | R10: 人材養成事業 | S10: ='様式1-4（要望事業一覧）'!$M$47 -> 0 | T10: ='様式1-4（要望事業一覧）'!$R$48 -> 0 | U10: ='様式1-4（要望事業一覧）'!$V$48 -> 0
R11: 普及啓発事業 | S11: ='様式1-4（要望事業一覧）'!$M$69 -> 0 | T11: ='様式1-4（要望事業一覧）'!$R$70 -> 0 | U11: ='様式1-4（要望事業一覧）'!$V$70 -> 0
H12: 設置者 | J12: =IF(共通入力シート!B6=0,"",共通入力シート!B6) | R12: 共生社会事業 | S12: ='様式1-4（要望事業一覧）'!$M$91 -> 0 | T12: ='様式1-4（要望事業一覧）'!$R$92 -> 0 | U12: ='様式1-4（要望事業一覧）'!$V$92 -> 0
J13: 〒 | K13: =IF(共通入力シート!B7=0,"",共通入力シート!B7) | R13: 合計 | S13: =SUM(S9:S12) -> 0 | T13: =SUM(T9:T12) -> 0 | U13: =SUM(U9:U12) -> 0
H14: 住所（所在地） | J14: =IF(共通入力シート!B9=0,"",共通入力シート!B8) | L14: =IF(共通入力シート!B9=0,"",共通入力シート!B9) | Y14: すべての項目について、旧氏記載が可能です。
H15: 代表者職・氏名 | J15: =IF(共通入力シート!B10=0,"",共通入力シート!B10) | L15: =IF(共通入力シート!B11=0,"",共通入力シート!B11) | Y15: ←複数の設置者の記載が必要な場合は、
Y16: 非表示となっている行を表示して記載してください。
H17: 設置者
J18: 〒
H19: 住所（所在地）
H20: 代表者職・氏名
H22: 団体名 | J22: =IF(共通入力シート!B12=0,"",共通入力シート!B12)
J23: 〒 | K23: =IF(共通入力シート!B13=0,"",共通入力シート!B13)
H24: 住所（所在地） | J24: =IF(共通入力シート!B14=0,"",共通入力シート!B14) | L24: =IF(共通入力シート!B15=0,"",共通入力シート!B15) | Y24: ←複数の団体の記載が必要な場合は、
H25: 代表者職・氏名 | J25: =IF(共通入力シート!B16=0,"",共通入力シート!B16) | L25: =IF(共通入力シート!B17=0,"",共通入力シート!B17) | Y25: 非表示となっている行を表示して記載してください。
H27: 団体名
J28: 〒
H29: 住所（所在地）
H30: 代表者職・氏名
C32: 下記の事業を行いたいので、文化芸術振興費補助金による助成金交付要綱第３条に基づき、助成金の交付を要望します。 | R32: 地域の要望額 | S32: 本体 | T32: BF
R33: 公演事業 | S33: =IF($T40="〇",$S40-$U40,0) -> 0 | T33: =IF($T40="〇",$V40-$W40+$U9,0) -> 0
R34: 人材養成事業 | S34: =IF($T41="〇",$S41-$U41,0) -> 0 | T34: =IF($T41="〇",$V41-$W41+$U10,0) -> 0
R35: 普及啓発事業 | S35: =IF($T42="〇",$S42-$U42,0) -> 0 | T35: =IF($T42="〇",$V42-$W42+$U11,0) -> 0
A36: 記 | R36: 共生社会事業 | S36: =IF($T43="〇",$S43-$U43,0) -> 0 | T36: =IF($T43="〇",$V43-$W43+$U12,0) -> 0
R37: 合計 | S37: =SUM(S33:S36) -> 0 | T37: =SUM(T33:T36) -> 0
B38: 1 | C38: 事 業 区 分 | E38: 地域の中核劇場・音楽堂等活性化事業
B39: 2 | C39: 事 業 内 容 | E39: 様式１のとおり | R39: 調整額の算出 | S39: 本体 | T39: 最低額可否 | U39: 本体調整額 | V39: BF | W39: BF調整額
B40: 3 | C40: 要 望 額 | E40: 事業類型 | H40: 本体事業 | L40: ※バリアフリー・多言語対応のみ | R40: 公演事業 | S40: =IF($S$13=0,0,IF($S$13<40000,$S9,ROUND(40000*$S9/$S$13,0))) -> 0 | T40: {=_xlfn.IFS($S$40>=5000,"〇",$S$40=0,"×",AND($S$41>0,$S$42>0,$S$43>0,$S$40+$S$41+$S$42+$S$43>=8000),"〇",AND($S$41=0,$S$42>0,$S$43>0,$S$40+$S$42+$S$43>=7000),"〇",AND($S$41>0,$S$42=0,$S$43>0,$S$40+$S$41+$S$43>=7000),"〇",AND($S$41>0,$S$42>0,$S$43=0,$S$40+$S$41+$S$42>=7000),"〇",AND($S$41=0,$S$42=0,$S$43>0,$S$40+$S$43>=6000),"〇",AND($S$41=0,$S$42>0,$S$43=0,$S$40+$S$42>=6000),"〇",AND($S$41>0,$S$42=0,$S$43=0,$S$40+$S$41>=6000),"〇",TRUE,"×")} -> × | U40: =IF(AND($S$13>40000,$S$44<>40000,$S40>0),$S$44-40000,0) -> 0 | V40: =IF($T$13=0,0,IF($T$13<500,$T9,ROUND(500*$T9/$T$13,0))) -> 0 | W40: =IF(AND($T$13>500,$V$44<>500,$V40>0),$V$44-500,0) -> 0
E41: 公演事業 | H41: =S33 -> 0 | K41: 千円 | L41: =T33 -> 0 | N41: 千円 | R41: 人材養成事業 | S41: =IF($S$13=0,0,IF($S$13<40000,$S10,ROUND(40000*$S10/$S$13,0))) -> 0 | T41: {=_xlfn.IFS($S$41>=1000,"〇",$S$41=0,"×",AND($S$40>0,$S$42>0,$S$43>0,$S$40+$S$41+$S$42+$S$43>=8000),"〇",AND($S$40=0,$S$42>0,$S$43>0,$S$41+$S$42+$S$43>=3000),"〇",AND($S$40>0,$S$42=0,$S$43>0,$S$40+$S$41+$S$43>=7000),"〇",AND($S$40>0,$S$42>0,$S$43=0,$S$40+$S$41+$S$42>=7000),"〇",AND($S$40=0,$S$42=0,$S$43>0,$S$41+$S$43>=2000),"〇",AND($S$40=0,$S$42>0,$S$43=0,$S$41+$S$42>=2000),"〇",AND($S$40>0,$S$42=0,$S$43=0,$S$40+$S$41>=6000),"〇",TRUE,"×")} -> × | U41: =IF(AND($S$13>40000,$S$44<>40000,$S40=0,$S41>0),$S$44-40000,0) -> 0 | V41: =IF($T$13=0,0,IF($T$13<500,$T10,ROUND(500*$T10/$T$13,0))) -> 0 | W41: =IF(AND(T13>500,V44<>500,V40=0,V41>0),V44-500,0) -> 0 | Y41: ←《本体事業》
E42: 人材養成事業 | H42: =S34 -> 0 | K42: 千円 | L42: =T34 -> 0 | N42: 千円 | R42: 普及啓発事業 | S42: =IF($S$13=0,0,IF($S$13<40000,$S11,ROUND(40000*$S11/$S$13,0))) -> 0 | T42: {=_xlfn.IFS($S$42>=1000,"〇",$S$42=0,"×",AND($S$40>0,$S$41>0,$S$43>0,$S$40+$S$41+$S$42+$S$43>=8000),"〇",AND($S$40=0,$S$41>0,$S$43>0,$S$41+$S$42+$S$43>=3000),"〇",AND($S$40>0,$S$41=0,$S$43>0,$S$40+$S$42+$S$43>=7000),"〇",AND($S$40>0,$S$41>0,$S$43=0,$S$40+$S$41+$S$42>=7000),"〇",AND($S$40=0,$S$41=0,$S$43>0,$S$42+$S$43>=2000),"〇",AND($S$40=0,$S$41>0,$S$43=0,$S$41+$S$42>=2000),"〇",AND($S$40>0,$S$41=0,$S$43=0,$S$40+$S$42>=6000),"〇",TRUE,"×")} -> × | U42: =IF(AND($S$13>40000,$S$44<>40000,$S40=0,$S41=0,$S42>0),$S$44-40000,0) -> 0 | V42: =IF($T$13=0,0,IF($T$13<500,$T11,ROUND(500*$T11/$T$13,0))) -> 0 | W42: =IF(AND(T13>500,V44<>500,V40=0,V41=0,V42>0),V44-500,0) -> 0 | Y42: 要望額の下限未満の場合は額が表示されません。
E43: 普及啓発事業 | H43: =S35 -> 0 | K43: 千円 | L43: =T35 -> 0 | N43: 千円 | R43: 共生社会事業 | S43: =IF($S$13=0,0,IF($S$13<40000,$S12,ROUND(40000*$S12/$S$13,0))) -> 0 | T43: {=_xlfn.IFS($S$43>=1000,"〇",$S$43=0,"×",AND($S$40>0,$S$41>0,$S$42>0,$S$40+$S$41+$S$42+$S$43>=8000),"〇",AND($S$40=0,$S$41>0,$S$42>0,$S$41+$S$42+$S$43>=3000),"〇",AND($S$40>0,$S$41=0,$S$42>0,$S$40+$S$42+$S$43>=7000),"〇",AND($S$40>0,$S$41>0,$S$42=0,$S$40+$S$41+$S$43>=7000),"〇",AND($S$40=0,$S$41=0,$S$42>0,$S$42+$S$43>=2000),"〇",AND($S$40=0,$S$41>0,$S$42=0,$S$41+$S$43>=2000),"〇",AND($S$40>0,$S$41=0,$S$42=0,$S$40+$S$43>=6000),"〇",TRUE,"×")} -> × | U43: =IF(AND($S$13>40000,$S$44<>40000,$S40=0,$S41=0,$S42=0,$S43>0),$S$44-40000,0) -> 0 | V43: =IF($T$13=0,0,IF($T$13<500,$T12,ROUND(500*$T12/$T$13,0))) -> 0 | W43: =IF(AND(T13>500,V44<>500,V40=0,V41=0,V42=0,V43>0),V44-500,0) -> 0 | Y43: 上限額を超える場合は上限額が表示されます。
E44: 共生社会事業 | H44: =S36 -> 0 | K44: 千円 | L44: =T36 -> 0 | N44: 千円 | R44: 合計 | S44: =SUM(S40:S43) -> 0 | V44: =SUM(V40:V43) -> 0
E45: 計 | H45: =SUM(H41:J44) -> 0 | K45: 千円 | L45: =SUM(L41:M44) -> 0 | N45: 千円
B46: 4 | C46: 消費税等仕入控除税額の取扱い | E46: =IF(共通入力シート!B18="","",共通入力シート!B18)
E47: =IF(共通入力シート!$B$18="","★「共通入力シート」の消費税等仕入控除税額の取扱を選択してください。","") -> ★「共通入力シート」の消費税等仕入控除税額の取扱を選択してください。
B48: 【担当者連絡先１】
B49: 役職 | I49: 電話
B50: ふりがな | I50: FAX
B51: 氏名 | I51: メールアドレス
B52: 【担当者連絡先２】※任意
B53: 役職 | I53: 電話
B54: ふりがな | I54: FAX
B55: 氏名 | I55: メールアドレス
B57: 資料の送付先 | D57: 〒 | E57: =IF(共通入力シート!B20="","",IF(共通入力シート!B20="劇場所在地",共通入力シート!B3,IF(共通入力シート!B20="設置者所在地",共通入力シート!B7,IF(共通入力シート!B20="団体所在地",共通入力シート!B13,共通入力シート!B21))))
D58: =IF(共通入力シート!B20="","",IF(共通入力シート!B20="劇場所在地",共通入力シート!B5,IF(共通入力シート!B20="設置者所在地",共通入力シート!B9,IF(共通入力シート!B20="団体所在地",共通入力シート!B15,共通入力シート!B22))))

Sheet 様式1-1（ミッション・ビジョン）
B2: １ 劇場・音楽堂等のミッション及びビジョン | O2: 【１枚】
C3: ※ １枚に収まるように作成してください。 使用文字サイズは９ポイント以上とし、図表を用いる場合は説明の補完としてください。
B4: （１） ミッション（存在意義・社会的役割）
C5: ※ ミッションは、自治体が定める設置目的や運営方針、または、劇場・音楽堂等を運営する管理運営団体の使命・目標等に即しつつ、劇場・音楽堂等の存在意義の観点*から、当該劇場の果たすべき社会的役割について簡潔に説明してください。 ＊ 「劇場，音楽堂等の事業の活性化のための取組に関する指針（平成25年文部科学省告示第60号）」の前文をご参照ください。
B20: （２） ビジョン（あるべき将来像・中期目標）
C21: ※ 劇場・音楽堂等のビジョン（あるべき将来像・中期目標/中期的な視点で実現させたいこと）を示し、ビジョン実現に向けた方針や戦略について、簡潔に説明してください。

Sheet 様式1-2（地域特性・活動実績）
B2: ２ 劇場・音楽堂等の所在する地域の特性及び活動実績 | O2: 【１枚】
C3: ※ １枚に収まるように作成してください。使用文字サイズは９ポイント以上で作成してください。
C4: （１） 地域の特性・ニーズ等
B5: ※ 劇場・音楽堂等が設置されている地域の特性・ニーズ等について、必要に応じてデータを用いるなどして、簡潔に説明してください。
C17: （２） 活動実績と施設の強み・特色
B18: ※ 劇場・音楽堂等のこれまでの活動実績及び、施設の強み・特色について、簡潔に説明してください。

Sheet 様式1-3（事業計画(1)）
B2: ３ 事業計画の概要
C3: ※ それぞれ１枚に収まるように作成してください。使用文字サイズは９ポイント以上で作成してください。
B4: （１） 令和９年度の事業計画（概要） | O4: 【１枚】
C5: ※ ビジョン実現に向けた応募事業全体の計画について、審査基準 ①創造性・企画性、②国際性（任意）、③地域文化拠点機能、④多様性とアクセシビリティ、⑤活動実績と実現性を踏まえて、簡潔に記述してください。 ※ 応募事業以外にビジョン実現に向けて不可欠な事業がある場合は、審査の参考にしますので、同様に各審査基準を踏まえて記述してください。 ※ ホール利用サービス（貸館事業）を行っている場合には、事業内容を把握する上で参考にしますので、事例等について記述してください。（任意） ※ 応募事業には、個表の事業番号を付してください。例：「●●事業（公－０１）」

Sheet 様式1-3（事業計画(2)・総合用）
B2: （２） ５年間の事業計画（概要） ※「総合支援事業」へ応募する団体のみ | O2: 【１枚】
C3: ※ ビジョン実現に向けた５年間の事業計画（特に令和７年度～１１年度について）の概要を、審査基準 ①創造性・企画性、②国際性、③地域文化拠点機能、④多様性とアクセシビリティ、⑤実現性を踏まえて、簡潔に記述してください。 ※ 応募予定に関わらず、ビジョン実現に向けて不可欠な事業について、各審査基準を踏まえて記述してください。

Sheet 様式1-3（事業計画(2)-①）
B2: （２） 令和９年度事業の評価指標
C3: これまでの実績及び数値目標 〔基礎データ〕
C4: ※ 実施中止分を含まない実績値を記入してください。令和９年度については、数値目標を記入してください。
C5: 【事業本数】
C6: 項 目 | K6: 令和５年度 | M6: 令和６年度 | O6: 令和７年度 | Q6: 令和８年度 （見込み） | S6: 令和９年度 （目標）
C7: 年間事業本数（※１） | D7: 主催事業 | K7: =SUM(K8,K10,K12,K14,K16) -> 0 | M7: =SUM(M8,M10,M12,M14,M16) -> 0 | O7: =SUM(O8,O10,O12,O14,O16) -> 0 | Q7: =SUM(Q8,Q10,Q12,Q14,Q16) -> 0 | S7: =SUM(S8,S10,S12,S14,S16) -> 0
E8: 公演事業
F9: （内、本助成対象事業本数）
E10: 人材養成事業
F11: （内、本助成対象事業本数）
E12: 普及啓発事業
F13: （内、本助成対象事業本数）
E14: 共生社会事業
F15: （内、本助成対象事業本数）
E16: その他 内容： | G16: 記入してください
C17: ※１ 事業の延べ実施回数ではなく、事業本数を記入してください。
C19: 【貸館日数】
C20: 項 目 | K20: 令和５年度 | M20: 令和６年度 | O20: 令和７年度 | Q20: 令和８年度 （見込み） | S20: 令和９年度 （目標）
C21: 貸館日数 | D21: ホールごとの貸館日数 | K21: =SUM(K22,K23,K24,K25,K26) -> 0 | M21: =SUM(M22,M23,M24,M25,M26) -> 0 | O21: =SUM(O22,O23,O24,O25,O26) -> 0 | Q21: =SUM(Q22,Q23,Q24,Q25,Q26) -> 0 | S21: =SUM(S22,S23,S24,S25,S26) -> 0
E22: ホール名： | F22: 記入してください | H22: 座席数： | I22: 記入してください
E23: ホール名： | F23: 記入してください | H23: 座席数： | I23: 記入してください
E24: ホール名： | F24: 記入してください | H24: 座席数： | I24: 記入してください
E25: ホール名： | F25: 記入してください | H25: 座席数： | I25: 記入してください
E26: ホール名： | F26: 記入してください | H26: 座席数： | I26: 記入してください
C29: 【施設利用者数（事業利用者数）・開館日数・利用可能日数・利用日数・利用率】
C30: 項 目 | K30: 令和５年度 | M30: 令和６年度 | O30: 令和７年度 | Q30: 令和８年度 （見込み） | S30: 令和９年度 （目標）
C31: 施設利用者数（※２） | D31: 主催事業入場者・参加者数 | K31: =SUM(K32,K33,K34,K35,K36) -> 0 | M31: =SUM(M32,M33,M34,M35,M36) -> 0 | O31: =SUM(O32,O33,O34,O35,O36) -> 0 | Q31: =SUM(Q32,Q33,Q34,Q35,Q36) -> 0 | S31: =SUM(S32,S33,S34,S35,S36) -> 0
E32: 公演事業
E33: 人材養成事業
E34: 普及啓発事業
E35: 共生社会事業
E36: その他 内容： | G36: 記入してください
D37: 貸館事業入場者・参加者数
D38: その他 内容： | F38: 記入してください
D39: 計 | K39: =SUM(K31,K37,K38) -> 0 | M39: =SUM(M31,M37,M38) -> 0 | O39: =SUM(O31,O37,O38) -> 0 | Q39: =SUM(Q31,Q37,Q38) -> 0 | S39: =SUM(S31,S37,S38) -> 0
D40: （内、館外利用者数） （※３）
C41: 開館日数
C42: 施設の利用可能日数 （＝365－（保守点検日数+休館日数））
C43: 施設の利用日数
C44: 施設の利用率(％） （＝利用日数/利用可能日数） | K44: =IF(K42="",0,K43/K42) -> 0 | M44: =IF(M42="",0,M43/M42) -> 0 | O44: =IF(O42="",0,O43/O42) -> 0 | Q44: =IF(Q42="",0,Q43/Q42) -> 0 | S44: =IF(S42="",0,S43/S42) -> 0
C46: 備考
C49: ※２ 実演芸術の公演等を鑑賞する者、ワークショップ等に参加する者、その他の劇場・音楽堂等の事業を利用する者の延べ人数を記入してください。劇場・音楽堂等のスタッフや、併設施設（美術館、図書館等）のみへの入場者、事業関係者（出演者、指導者、スタッフ等）は除きます。レジデントカンパニー・アーティストの稽古利用等の場合は「その他」に記入してください。 ※３ 施設利用者数の合計の内、館外でのアウトリーチや、他会場で実施した事業等の利用者数の合計について記載してください。

Sheet 様式1-3（事業計画(3)-①-2）
C2: 【公演データ】
C3: ※ 令和９年度については、数値目標を記入してください。
C4: 事業種別 | H4: 事業 本数 | I4: 公演 回数 | J4: 入場者・ 参加者数 | K4: 事業本数内訳
K5: 演劇 | L5: 音楽 | M5: 舞踊 | N5: 伝統 芸能 | O5: 演芸 | P5: 総合 （※３） | Q5: その他
C6: 令和６年度 | D6: 主催公演（※１） | H6: =SUM(K6:Q6) -> 0
D7: 共催・提携公演（※２） | H7: =SUM(K7:Q7) -> 0
D8: 貸館公演 | H8: =SUM(K8:Q8) -> 0
D9: 計 | H9: =SUM(H6,H7,H8) -> 0 | I9: =SUM(I6,I7,I8) -> 0 | J9: =SUM(J6,J7,J8) -> 0
C10: 令和７年度 | D10: 主催公演（※１） | H10: =SUM(K10:Q10) -> 0
D11: 共催・提携公演（※２） | H11: =SUM(K11:Q11) -> 0
D12: 貸館公演 | H12: =SUM(K12:Q12) -> 0
D13: 計 | H13: =SUM(H10,H11,H12) -> 0 | I13: =SUM(I10,I11,I12) -> 0 | J13: =SUM(J10,J11,J12) -> 0
C14: 令和８年度 （見込み） | D14: 主催公演（※１） | H14: =SUM(K14:Q14) -> 0
D15: 共催・提携公演（※２） | H15: =SUM(K15:Q15) -> 0
D16: 貸館公演 | H16: =SUM(K16:Q16) -> 0
D17: 計 | H17: =SUM(H14,H15,H16) -> 0 | I17: =SUM(I14,I15,I16) -> 0 | J17: =SUM(J14,J15,J16) -> 0
C18: 令和９年度 （目標） | D18: 主催公演（※１） | H18: =SUM(K18:Q18) -> 0
D19: 共催・提携公演（※２） | H19: =SUM(K19:Q19) -> 0
D20: 計 | H20: =SUM(H18,H19) -> 0 | I20: =SUM(I18,I19) -> 0 | J20: =SUM(J18,J19) -> 0
C21: ※１ 名義主催は除きます。 ※２ 名義共催を含みます。 ※３ 「総合」には、フェスティバル等における事業数を記入してください。
C23: ※ 〔必須データ〕及び〔独自データ〕については、採択決定後に提出を求めます。

Sheet 様式1-4（要望事業一覧）
A1: 令和９年度 要望事業一覧
B2: ※ 事業数に合わせて不要な行を「非表示」にし、全体を1ページに収めてください。
B3: 事業数が多く1ページに収めるのが困難な場合は、2ページに収めてください。 | M3: （単位：千円） | O3: 【バリアフリー・多言語】（BF設備以外） | S3: 【バリアフリー・多言語】（BF設備）
B4: 事業番号 | C4: 事業名 | M4: 要望額 | N4: 最低限度額 フラグ | O4: 小計(A) | P4: 課税対象外 経費計 | Q4: 仕入控除 税額計 | R4: 要望額計 | S4: 小計(A) | T4: 課税対象外 経費計 | U4: 仕入控除 税額計 | V4: 要望額計
A5: 公演事業 | B5: 公-01 | C5: =IF('様式1-4-①（公演_個表）'!$B7="","",'様式1-4-①（公演_個表）'!$B7) | M5: ='様式1-4-①（公演_個表）'!$D115 | N5: =IF($M5="","",IF($M5<200,1,0))
B6: 公-02 | C6: =IF('様式1-4-①（公演_個表）'!$B123="","",'様式1-4-①（公演_個表）'!$B123) | M6: ='様式1-4-①（公演_個表）'!$D231 | N6: =IF($M6="","",IF($M6<200,1,0))
B7: 公-03 | C7: =IF('様式1-4-①（公演_個表）'!$B239="","",'様式1-4-①（公演_個表）'!$B239) | M7: ='様式1-4-①（公演_個表）'!$D347 | N7: =IF($M7="","",IF($M7<200,1,0))
B8: 公-04 | C8: =IF('様式1-4-①（公演_個表）'!$B355="","",'様式1-4-①（公演_個表）'!$B355) | M8: ='様式1-4-①（公演_個表）'!$D463 | N8: =IF($M8="","",IF($M8<200,1,0))
B9: 公-05 | C9: =IF('様式1-4-①（公演_個表）'!$B471="","",'様式1-4-①（公演_個表）'!$B471) | M9: ='様式1-4-①（公演_個表）'!$D579 | N9: =IF($M9="","",IF($M9<200,1,0))
B10: 公-06 | C10: =IF('様式1-4-①（公演_個表）'!$B587="","",'様式1-4-①（公演_個表）'!$B587) | M10: ='様式1-4-①（公演_個表）'!$D695 | N10: =IF($M10="","",IF($M10<200,1,0))
B11: 公-07 | C11: =IF('様式1-4-①（公演_個表）'!$B703="","",'様式1-4-①（公演_個表）'!$B703) | M11: ='様式1-4-①（公演_個表）'!$D811 | N11: =IF($M11="","",IF($M11<200,1,0))
B12: 公-08 | C12: =IF('様式1-4-①（公演_個表）'!$B819="","",'様式1-4-①（公演_個表）'!$B819) | M12: ='様式1-4-①（公演_個表）'!$D927 | N12: =IF($M12="","",IF($M12<200,1,0))
B13: 公-09 | C13: =IF('様式1-4-①（公演_個表）'!$B935="","",'様式1-4-①（公演_個表）'!$B935) | M13: ='様式1-4-①（公演_個表）'!$D1043 | N13: =IF($M13="","",IF($M13<200,1,0))
B14: 公-10 | C14: =IF('様式1-4-①（公演_個表）'!$B1051="","",'様式1-4-①（公演_個表）'!$B1051) | M14: ='様式1-4-①（公演_個表）'!$D1159 | N14: =IF($M14="","",IF($M14<200,1,0))
B15: 公-11 | C15: =IF('様式1-4-①（公演_個表）'!$B1167="","",'様式1-4-①（公演_個表）'!$B1167) | M15: ='様式1-4-①（公演_個表）'!$D1275 | N15: =IF($M15="","",IF($M15<200,1,0))
B16: 公-12 | C16: =IF('様式1-4-①（公演_個表）'!$B1283="","",'様式1-4-①（公演_個表）'!$B1283) | M16: ='様式1-4-①（公演_個表）'!$D1391 | N16: =IF($M16="","",IF($M16<200,1,0))
B17: 公-13 | C17: =IF('様式1-4-①（公演_個表）'!$B1399="","",'様式1-4-①（公演_個表）'!$B1399) | M17: ='様式1-4-①（公演_個表）'!$D1507 | N17: =IF($M17="","",IF($M17<200,1,0))
B18: 公-14 | C18: =IF('様式1-4-①（公演_個表）'!$B1515="","",'様式1-4-①（公演_個表）'!$B1515) | M18: ='様式1-4-①（公演_個表）'!$D1623 | N18: =IF($M18="","",IF($M18<200,1,0))
B19: 公-15 | C19: =IF('様式1-4-①（公演_個表）'!$B1631="","",'様式1-4-①（公演_個表）'!$B1631) | M19: ='様式1-4-①（公演_個表）'!$D1739 | N19: =IF($M19="","",IF($M19<200,1,0))
B20: 公-16 | C20: =IF('様式1-4-①（公演_個表）'!$B1747="","",'様式1-4-①（公演_個表）'!$B1747) | M20: ='様式1-4-①（公演_個表）'!$D1855 | N20: =IF($M20="","",IF($M20<200,1,0))
B21: 公-17 | C21: =IF('様式1-4-①（公演_個表）'!$B1863="","",'様式1-4-①（公演_個表）'!$B1863) | M21: ='様式1-4-①（公演_個表）'!$D1971 | N21: =IF($M21="","",IF($M21<200,1,0))
B22: 公-18 | C22: =IF('様式1-4-①（公演_個表）'!$B1979="","",'様式1-4-①（公演_個表）'!$B1979) | M22: ='様式1-4-①（公演_個表）'!$D2087 | N22: =IF($M22="","",IF($M22<200,1,0))
B23: 公-19 | C23: =IF('様式1-4-①（公演_個表）'!$B2095="","",'様式1-4-①（公演_個表）'!$B2095) | M23: ='様式1-4-①（公演_個表）'!$D2203 | N23: =IF($M23="","",IF($M23<200,1,0))
B24: 公-20 | C24: =IF('様式1-4-①（公演_個表）'!$B2211="","",'様式1-4-①（公演_個表）'!$B2211) | M24: ='様式1-4-①（公演_個表）'!$D2319 | N24: =IF($M24="","",IF($M24<200,1,0))
B25: 公演事業 【本体事業】 要望額合計 | M25: =SUMIF(N5:N24,"=0",M5:M24) -> 0
B26: 公演事業 【バリアフリー・多言語対応】 要望額合計 | M26: =R26+V26 -> 0 | O26: ='様式1-4-②（公演_バリアフリー・多言語）'!$P141 -> 0 | P26: ='様式1-4-②（公演_バリアフリー・多言語）'!$R141 -> 0 | Q26: =IF(共通入力シート!$B$18="課税事業者",ROUNDDOWN((O26-P26)*10/110,0),0) -> 0 | R26: =O26-Q26 -> 0 | S26: ='様式1-4-②（公演_バリアフリー・多言語）'!$Q141 -> 0 | T26: ='様式1-4-②（公演_バリアフリー・多言語）'!$S141 -> 0 | U26: =IF(共通入力シート!$B$18="課税事業者",ROUNDDOWN((S26-T26)*10/110,0),0) -> 0 | V26: =S26-U26 -> 0
A27: 人材養成事業 | B27: 人-01 | C27: =IF('様式1-4-③（人材養成_個表）'!$B7="","",'様式1-4-③（人材養成_個表）'!$B7) | M27: ='様式1-4-③（人材養成_個表）'!$D115 | N27: =IF($M27="","",IF($M27<1,1,0))
B28: 人-02 | C28: =IF('様式1-4-③（人材養成_個表）'!$B123="","",'様式1-4-③（人材養成_個表）'!$B123) | M28: ='様式1-4-③（人材養成_個表）'!$D231 | N28: =IF($M28="","",IF($M28<1,1,0))
B29: 人-03 | C29: =IF('様式1-4-③（人材養成_個表）'!$B239="","",'様式1-4-③（人材養成_個表）'!$B239) | M29: ='様式1-4-③（人材養成_個表）'!$D347 | N29: =IF($M29="","",IF($M29<1,1,0))
B30: 人-04 | C30: =IF('様式1-4-③（人材養成_個表）'!$B355="","",'様式1-4-③（人材養成_個表）'!$B355) | M30: ='様式1-4-③（人材養成_個表）'!$D463 | N30: =IF($M30="","",IF($M30<1,1,0))
B31: 人-05 | C31: =IF('様式1-4-③（人材養成_個表）'!$B471="","",'様式1-4-③（人材養成_個表）'!$B471) | M31: ='様式1-4-③（人材養成_個表）'!$D579 | N31: =IF($M31="","",IF($M31<1,1,0))
B32: 人-06 | C32: =IF('様式1-4-③（人材養成_個表）'!$B587="","",'様式1-4-③（人材養成_個表）'!$B587) | M32: ='様式1-4-③（人材養成_個表）'!$D695 | N32: =IF($M32="","",IF($M32<1,1,0))
B33: 人-07 | C33: =IF('様式1-4-③（人材養成_個表）'!$B703="","",'様式1-4-③（人材養成_個表）'!$B703) | M33: ='様式1-4-③（人材養成_個表）'!$D811 | N33: =IF($M33="","",IF($M33<1,1,0))
B34: 人-08 | C34: =IF('様式1-4-③（人材養成_個表）'!$B819="","",'様式1-4-③（人材養成_個表）'!$B819) | M34: ='様式1-4-③（人材養成_個表）'!$D927 | N34: =IF($M34="","",IF($M34<1,1,0))
B35: 人-09 | C35: =IF('様式1-4-③（人材養成_個表）'!$B935="","",'様式1-4-③（人材養成_個表）'!$B935) | M35: ='様式1-4-③（人材養成_個表）'!$D1043 | N35: =IF($M35="","",IF($M35<1,1,0))
B36: 人-10 | C36: =IF('様式1-4-③（人材養成_個表）'!$B1051="","",'様式1-4-③（人材養成_個表）'!$B1051) | M36: ='様式1-4-③（人材養成_個表）'!$D1159 | N36: =IF($M36="","",IF($M36<1,1,0))
B37: 人-11 | C37: =IF('様式1-4-③（人材養成_個表）'!$B1167="","",'様式1-4-③（人材養成_個表）'!$B1167) | M37: ='様式1-4-③（人材養成_個表）'!$D1275 | N37: =IF($M37="","",IF($M37<1,1,0))
B38: 人-12 | C38: =IF('様式1-4-③（人材養成_個表）'!$B1283="","",'様式1-4-③（人材養成_個表）'!$B1283) | M38: ='様式1-4-③（人材養成_個表）'!$D1391 | N38: =IF($M38="","",IF($M38<1,1,0))
B39: 人-13 | C39: =IF('様式1-4-③（人材養成_個表）'!$B1399="","",'様式1-4-③（人材養成_個表）'!$B1399) | M39: ='様式1-4-③（人材養成_個表）'!$D1507 | N39: =IF($M39="","",IF($M39<1,1,0))
B40: 人-14 | C40: =IF('様式1-4-③（人材養成_個表）'!$B1515="","",'様式1-4-③（人材養成_個表）'!$B1515) | M40: ='様式1-4-③（人材養成_個表）'!$D1623 | N40: =IF($M40="","",IF($M40<1,1,0))
B41: 人-15 | C41: =IF('様式1-4-③（人材養成_個表）'!$B1631="","",'様式1-4-③（人材養成_個表）'!$B1631) | M41: ='様式1-4-③（人材養成_個表）'!$D1739 | N41: =IF($M41="","",IF($M41<1,1,0))
B42: 人-16 | C42: =IF('様式1-4-③（人材養成_個表）'!$B1747="","",'様式1-4-③（人材養成_個表）'!$B1747) | M42: ='様式1-4-③（人材養成_個表）'!$D1855 | N42: =IF($M42="","",IF($M42<1,1,0))
B43: 人-17 | C43: =IF('様式1-4-③（人材養成_個表）'!$B1863="","",'様式1-4-③（人材養成_個表）'!$B1863) | M43: ='様式1-4-③（人材養成_個表）'!$D1971 | N43: =IF($M43="","",IF($M43<1,1,0))
B44: 人-18 | C44: =IF('様式1-4-③（人材養成_個表）'!$B1979="","",'様式1-4-③（人材養成_個表）'!$B1979) | M44: ='様式1-4-③（人材養成_個表）'!$D2087 | N44: =IF($M44="","",IF($M44<1,1,0))
B45: 人-19 | C45: =IF('様式1-4-③（人材養成_個表）'!$B2095="","",'様式1-4-③（人材養成_個表）'!$B2095) | M45: ='様式1-4-③（人材養成_個表）'!$D2203 | N45: =IF($M45="","",IF($M45<1,1,0))
B46: 人-20 | C46: =IF('様式1-4-③（人材養成_個表）'!$B2211="","",'様式1-4-③（人材養成_個表）'!$B2211) | M46: ='様式1-4-③（人材養成_個表）'!$D2319 | N46: =IF($M46="","",IF($M46<1,1,0))
B47: 人材養成事業 【本体事業】 要望額合計 | M47: =SUMIF(N27:N46,"=0",M27:M46) -> 0
B48: 人材養成事業 【バリアフリー・多言語対応】 要望額合計 | M48: =R48+V48 -> 0 | O48: ='様式1-4-④（人材養成_バリアフリー・多言語）'!$P141 -> 0 | P48: ='様式1-4-④（人材養成_バリアフリー・多言語）'!$R141 -> 0 | Q48: =IF(共通入力シート!$B$18="課税事業者",ROUNDDOWN((O48-P48)*10/110,0),0) -> 0 | R48: =O48-Q48 -> 0 | S48: ='様式1-4-④（人材養成_バリアフリー・多言語）'!$Q141 -> 0 | T48: ='様式1-4-④（人材養成_バリアフリー・多言語）'!$S141 -> 0 | U48: =IF(共通入力シート!$B$18="課税事業者",ROUNDDOWN((S48-T48)*10/110,0),0) -> 0 | V48: =S48-U48 -> 0
A49: 普及啓発事業 | B49: 普-01 | C49: =IF('様式1-4-⑤（普及啓発_個表）'!$B7="","",'様式1-4-⑤（普及啓発_個表）'!$B7) | M49: ='様式1-4-⑤（普及啓発_個表）'!$D115 | N49: =IF($M49="","",IF($M49<1,1,0))
B50: 普-02 | C50: =IF('様式1-4-⑤（普及啓発_個表）'!$B123="","",'様式1-4-⑤（普及啓発_個表）'!$B123) | M50: ='様式1-4-⑤（普及啓発_個表）'!$D231 | N50: =IF($M50="","",IF($M50<1,1,0))
B51: 普-03 | C51: =IF('様式1-4-⑤（普及啓発_個表）'!$B239="","",'様式1-4-⑤（普及啓発_個表）'!$B239) | M51: ='様式1-4-⑤（普及啓発_個表）'!$D347 | N51: =IF($M51="","",IF($M51<1,1,0))
B52: 普-04 | C52: =IF('様式1-4-⑤（普及啓発_個表）'!$B355="","",'様式1-4-⑤（普及啓発_個表）'!$B355) | M52: ='様式1-4-⑤（普及啓発_個表）'!$D463 | N52: =IF($M52="","",IF($M52<1,1,0))
B53: 普-05 | C53: =IF('様式1-4-⑤（普及啓発_個表）'!$B471="","",'様式1-4-⑤（普及啓発_個表）'!$B471) | M53: ='様式1-4-⑤（普及啓発_個表）'!$D579 | N53: =IF($M53="","",IF($M53<1,1,0))
B54: 普-06 | C54: =IF('様式1-4-⑤（普及啓発_個表）'!$B587="","",'様式1-4-⑤（普及啓発_個表）'!$B587) | M54: ='様式1-4-⑤（普及啓発_個表）'!$D695 | N54: =IF($M54="","",IF($M54<1,1,0))
B55: 普-07 | C55: =IF('様式1-4-⑤（普及啓発_個表）'!$B703="","",'様式1-4-⑤（普及啓発_個表）'!$B703) | M55: ='様式1-4-⑤（普及啓発_個表）'!$D811 | N55: =IF($M55="","",IF($M55<1,1,0))
B56: 普-08 | C56: =IF('様式1-4-⑤（普及啓発_個表）'!$B819="","",'様式1-4-⑤（普及啓発_個表）'!$B819) | M56: ='様式1-4-⑤（普及啓発_個表）'!$D927 | N56: =IF($M56="","",IF($M56<1,1,0))
B57: 普-09 | C57: =IF('様式1-4-⑤（普及啓発_個表）'!$B935="","",'様式1-4-⑤（普及啓発_個表）'!$B935) | M57: ='様式1-4-⑤（普及啓発_個表）'!$D1043 | N57: =IF($M57="","",IF($M57<1,1,0))
B58: 普-10 | C58: =IF('様式1-4-⑤（普及啓発_個表）'!$B1051="","",'様式1-4-⑤（普及啓発_個表）'!$B1051) | M58: ='様式1-4-⑤（普及啓発_個表）'!$D1159 | N58: =IF($M58="","",IF($M58<1,1,0))
B59: 普-11 | C59: =IF('様式1-4-⑤（普及啓発_個表）'!$B1167="","",'様式1-4-⑤（普及啓発_個表）'!$B1167) | M59: ='様式1-4-⑤（普及啓発_個表）'!$D1275 | N59: =IF($M59="","",IF($M59<1,1,0))
B60: 普-12 | C60: =IF('様式1-4-⑤（普及啓発_個表）'!$B1283="","",'様式1-4-⑤（普及啓発_個表）'!$B1283) | M60: ='様式1-4-⑤（普及啓発_個表）'!$D1391 | N60: =IF($M60="","",IF($M60<1,1,0))
B61: 普-13 | C61: =IF('様式1-4-⑤（普及啓発_個表）'!$B1399="","",'様式1-4-⑤（普及啓発_個表）'!$B1399) | M61: ='様式1-4-⑤（普及啓発_個表）'!$D1507 | N61: =IF($M61="","",IF($M61<1,1,0))
B62: 普-14 | C62: =IF('様式1-4-⑤（普及啓発_個表）'!$B1515="","",'様式1-4-⑤（普及啓発_個表）'!$B1515) | M62: ='様式1-4-⑤（普及啓発_個表）'!$D1623 | N62: =IF($M62="","",IF($M62<1,1,0))
B63: 普-15 | C63: =IF('様式1-4-⑤（普及啓発_個表）'!$B1631="","",'様式1-4-⑤（普及啓発_個表）'!$B1631) | M63: ='様式1-4-⑤（普及啓発_個表）'!$D1739 | N63: =IF($M63="","",IF($M63<1,1,0))
B64: 普-16 | C64: =IF('様式1-4-⑤（普及啓発_個表）'!$B1747="","",'様式1-4-⑤（普及啓発_個表）'!$B1747) | M64: ='様式1-4-⑤（普及啓発_個表）'!$D1855 | N64: =IF($M64="","",IF($M64<1,1,0))
B65: 普-17 | C65: =IF('様式1-4-⑤（普及啓発_個表）'!$B1863="","",'様式1-4-⑤（普及啓発_個表）'!$B1863) | M65: ='様式1-4-⑤（普及啓発_個表）'!$D1971 | N65: =IF($M65="","",IF($M65<1,1,0))
B66: 普-18 | C66: =IF('様式1-4-⑤（普及啓発_個表）'!$B1979="","",'様式1-4-⑤（普及啓発_個表）'!$B1979) | M66: ='様式1-4-⑤（普及啓発_個表）'!$D2087 | N66: =IF($M66="","",IF($M66<1,1,0))
B67: 普-19 | C67: =IF('様式1-4-⑤（普及啓発_個表）'!$B2095="","",'様式1-4-⑤（普及啓発_個表）'!$B2095) | M67: ='様式1-4-⑤（普及啓発_個表）'!$D2203 | N67: =IF($M67="","",IF($M67<1,1,0))
B68: 普-20 | C68: =IF('様式1-4-⑤（普及啓発_個表）'!$B2211="","",'様式1-4-⑤（普及啓発_個表）'!$B2211) | M68: ='様式1-4-⑤（普及啓発_個表）'!$D2319 | N68: =IF($M68="","",IF($M68<1,1,0))
B69: 普及啓発事業 【本体事業】 要望額合計 | M69: =SUMIF(N49:N68,"=0",M49:M68) -> 0
B70: 普及啓発事業 【バリアフリー・多言語対応】 要望額合計 | M70: =R70+V70 -> 0 | O70: ='様式1-4-⑥（普及啓発_バリアフリー・多言語）'!$P141 -> 0 | P70: ='様式1-4-⑥（普及啓発_バリアフリー・多言語）'!$R141 -> 0 | Q70: =IF(共通入力シート!$B$18="課税事業者",ROUNDDOWN((O70-P70)*10/110,0),0) -> 0 | R70: =O70-Q70 -> 0 | S70: ='様式1-4-⑥（普及啓発_バリアフリー・多言語）'!$Q141 -> 0 | T70: ='様式1-4-⑥（普及啓発_バリアフリー・多言語）'!$S141 -> 0 | U70: =IF(共通入力シート!$B$18="課税事業者",ROUNDDOWN((S70-T70)*10/110,0),0) -> 0 | V70: =S70-U70 -> 0
A71: 共生社会事業 | B71: 共-01 | C71: =IF('様式1-4-⑦（共生社会_個表）'!$B7="","",'様式1-4-⑦（共生社会_個表）'!$B7) | M71: ='様式1-4-⑦（共生社会_個表）'!$D115 | N71: =IF($M71="","",IF($M71<1,1,0))
B72: 共-02 | C72: =IF('様式1-4-⑦（共生社会_個表）'!$B123="","",'様式1-4-⑦（共生社会_個表）'!$B123) | M72: ='様式1-4-⑦（共生社会_個表）'!$D231 | N72: =IF($M72="","",IF($M72<1,1,0))
B73: 共-03 | C73: =IF('様式1-4-⑦（共生社会_個表）'!$B239="","",'様式1-4-⑦（共生社会_個表）'!$B239) | M73: ='様式1-4-⑦（共生社会_個表）'!$D347 | N73: =IF($M73="","",IF($M73<1,1,0))
B74: 共-04 | C74: =IF('様式1-4-⑦（共生社会_個表）'!$B355="","",'様式1-4-⑦（共生社会_個表）'!$B355) | M74: ='様式1-4-⑦（共生社会_個表）'!$D463 | N74: =IF($M74="","",IF($M74<1,1,0))
B75: 共-05 | C75: =IF('様式1-4-⑦（共生社会_個表）'!$B471="","",'様式1-4-⑦（共生社会_個表）'!$B471) | M75: ='様式1-4-⑦（共生社会_個表）'!$D579 | N75: =IF($M75="","",IF($M75<1,1,0))
B76: 共-06 | C76: =IF('様式1-4-⑦（共生社会_個表）'!$B587="","",'様式1-4-⑦（共生社会_個表）'!$B587) | M76: ='様式1-4-⑦（共生社会_個表）'!$D695 | N76: =IF($M76="","",IF($M76<1,1,0))
B77: 共-07 | C77: =IF('様式1-4-⑦（共生社会_個表）'!$B703="","",'様式1-4-⑦（共生社会_個表）'!$B703) | M77: ='様式1-4-⑦（共生社会_個表）'!$D811 | N77: =IF($M77="","",IF($M77<1,1,0))
B78: 共-08 | C78: =IF('様式1-4-⑦（共生社会_個表）'!$B819="","",'様式1-4-⑦（共生社会_個表）'!$B819) | M78: ='様式1-4-⑦（共生社会_個表）'!$D927 | N78: =IF($M78="","",IF($M78<1,1,0))
B79: 共-09 | C79: =IF('様式1-4-⑦（共生社会_個表）'!$B935="","",'様式1-4-⑦（共生社会_個表）'!$B935) | M79: ='様式1-4-⑦（共生社会_個表）'!$D1043 | N79: =IF($M79="","",IF($M79<1,1,0))
B80: 共-10 | C80: =IF('様式1-4-⑦（共生社会_個表）'!$B1051="","",'様式1-4-⑦（共生社会_個表）'!$B1051) | M80: ='様式1-4-⑦（共生社会_個表）'!$D1159 | N80: =IF($M80="","",IF($M80<1,1,0))
B81: 共-11 | C81: =IF('様式1-4-⑦（共生社会_個表）'!$B1167="","",'様式1-4-⑦（共生社会_個表）'!$B1167) | M81: ='様式1-4-⑦（共生社会_個表）'!$D1275 | N81: =IF($M81="","",IF($M81<1,1,0))
B82: 共-12 | C82: =IF('様式1-4-⑦（共生社会_個表）'!$B1283="","",'様式1-4-⑦（共生社会_個表）'!$B1283) | M82: ='様式1-4-⑦（共生社会_個表）'!$D1391 | N82: =IF($M82="","",IF($M82<1,1,0))
B83: 共-13 | C83: =IF('様式1-4-⑦（共生社会_個表）'!$B1399="","",'様式1-4-⑦（共生社会_個表）'!$B1399) | M83: ='様式1-4-⑦（共生社会_個表）'!$D1507 | N83: =IF($M83="","",IF($M83<1,1,0))
B84: 共-14 | C84: =IF('様式1-4-⑦（共生社会_個表）'!$B1515="","",'様式1-4-⑦（共生社会_個表）'!$B1515) | M84: ='様式1-4-⑦（共生社会_個表）'!$D1623 | N84: =IF($M84="","",IF($M84<1,1,0))
B85: 共-15 | C85: =IF('様式1-4-⑦（共生社会_個表）'!$B1631="","",'様式1-4-⑦（共生社会_個表）'!$B1631) | M85: ='様式1-4-⑦（共生社会_個表）'!$D1739 | N85: =IF($M85="","",IF($M85<1,1,0))
B86: 共-16 | C86: =IF('様式1-4-⑦（共生社会_個表）'!$B1747="","",'様式1-4-⑦（共生社会_個表）'!$B1747) | M86: ='様式1-4-⑦（共生社会_個表）'!$D1855 | N86: =IF($M86="","",IF($M86<1,1,0))
B87: 共-17 | C87: =IF('様式1-4-⑦（共生社会_個表）'!$B1863="","",'様式1-4-⑦（共生社会_個表）'!$B1863) | M87: ='様式1-4-⑦（共生社会_個表）'!$D1971 | N87: =IF($M87="","",IF($M87<1,1,0))
B88: 共-18 | C88: =IF('様式1-4-⑦（共生社会_個表）'!$B1979="","",'様式1-4-⑦（共生社会_個表）'!$B1979) | M88: ='様式1-4-⑦（共生社会_個表）'!$D2087 | N88: =IF($M88="","",IF($M88<1,1,0))
B89: 共-19 | C89: =IF('様式1-4-⑦（共生社会_個表）'!$B2095="","",'様式1-4-⑦（共生社会_個表）'!$B2095) | M89: ='様式1-4-⑦（共生社会_個表）'!$D2203 | N89: =IF($M89="","",IF($M89<1,1,0))
B90: 共-20 | C90: =IF('様式1-4-⑦（共生社会_個表）'!$B2211="","",'様式1-4-⑦（共生社会_個表）'!$B2211) | M90: ='様式1-4-⑦（共生社会_個表）'!$D2319 | N90: =IF($M90="","",IF($M90<1,1,0))
B91: 共生社会事業 【本体事業】 要望額合計 | M91: =SUMIF(N71:N90,"=0",M71:M90) -> 0
B92: 共生社会事業 【バリアフリー・多言語対応】 要望額合計 | M92: =R92+V92 -> 0 | O92: ='様式1-4-⑧（共生社会_バリアフリー・多言語）'!$P141 -> 0 | P92: ='様式1-4-⑧（共生社会_バリアフリー・多言語）'!$R141 -> 0 | Q92: =IF(共通入力シート!$B$18="課税事業者",ROUNDDOWN((O92-P92)*10/110,0),0) -> 0 | R92: =O92-Q92 -> 0 | S92: ='様式1-4-⑧（共生社会_バリアフリー・多言語）'!$Q141 -> 0 | T92: ='様式1-4-⑧（共生社会_バリアフリー・多言語）'!$S141 -> 0 | U92: =IF(共通入力シート!$B$18="課税事業者",ROUNDDOWN((S92-T92)*10/110,0),0) -> 0 | V92: =S92-U92 -> 0

Sheet 様式1-4-①（公演_個表）
B1: 【事業概要】
B2: ※各事業ごとに作成し、A４サイズ１枚以内に収めてください。文字サイズは原則9ポイント以上としてください。
B3: 公演事業
B4: 事業番号 | D4: 公-01
B6: 事業名
L7: （分野） | Q7: =IF(M7="", "←選択してください。", "") -> ←選択してください。
L8: （創作種別） | Q8: =IF(M8="", "←選択してください。", "") -> ←選択してください。
B10: 目標値 | D10: 入場者・参加者数 | I10: 入場者・参加者率（％） | L10: =IF(OR($H12=0,$K12=0),"",$F10/($H12*$K12)) | M10: 収益率（％） | O10: =IF($O108+$O111=0,"",($G101-$G100)/($O108+$O111)) | Q10: =IF(OR(F4="人材養成事業",F4= "普及啓発事業"), "←斜線部は記入する必要はありません。", "")
B11: 目標値の 設定基礎数 | D11: 会場状況・施設形式等 | F11: 会場の定員数 | H11: 設定席数 | K11: 公演回数 | L11: 補足事項
B14: 企画意図 ・目的 | D14: 企画意図・経緯、事業目的・内容、地域の実情やニーズ、対象者 等 ※事業が主に対象とする地域 及び 当該地域の住民に対してもたらす効果等 を踏まえて記載してください。 ※申請している劇場・音楽堂等以外を会場とする場合は、その理由が分かるように記載してください。 | Q14: ←新演出や再演の場合、変更点や着眼点についても記述してください
B25: 事業概要 | D25: 実施日程、実施会場、実施回数、プログラム等 ※日程等が未定の場合は必ず決定時期を記述してください。
D32: 出演者・スタッフ、料金設定 等
B40: その他 | D40: 収益性向上のための計画について（券売数の増加、寄付金・協賛金、各種助成・協力の獲得等） ※申請予定のその他の補助金・助成金や寄付金・協賛金については、見込額等と併せてこちらに記述してください（予算書にも記入してください）。
D44: 観客・参加者等の拡大、認知度向上のための計画について
D48: 他の劇場・音楽堂等／関係機関との連携・協力について ※クレジットの有無に関わらず、連携・協力内容を記入してください。
D52: アクセシビリティ向上の取り組みについて ※バリアフリー・多言語対応の経費（様式1-4-②）を要望する場合は、その取組内容を記述してください。（必須） 要望しない場合も、取組内容があれば記載してください。 | M52: バリアフリー・多言語対応 経費の要望有無 | O52: 要選択 | Q52: ←プルダウンから選択してください。記載内容の内、バリアフリー・多言語対応の経費に計上している物と、そうでない物とがある場合は「一部」を選んでください。
D55: 共催者・協賛者・後援者等クレジット
B59: 【収支予算積算内訳（個表）】
B60: ※各事業ごとに作成し、A４サイズ１枚以内に収めてください。内訳はできるだけ詳細・明確に記入してください。
B61: 事業番号 | E61: 公-01
B62: （収入） | G62: 単位：千円 | I62: （支出） 助成対象経費 | O62: 単位：千円
B63: 内 訳 | F63: （単位：円） | G63: 予算額 | I63: 内 訳 | N63: （単位：円） | O63: 予算額
B64: ［入場料等収入］ | I64: ［出演費・音楽費・文芸費］ | Q64: ←内訳名の下には行を追加しないでください。セルに保護が掛かって入力ができません。
G66: =ROUNDDOWN(SUM(F65:F71)/1000,0) -> 0 | O66: =ROUNDDOWN(SUM(N65:N74)/1000,0) -> 0
B71: ［共催者負担金］（※１）
G73: =ROUNDDOWN(SUM(F72:F77)/1000,0) -> 0
I74: ［舞台費・会場費］
O76: =ROUNDDOWN(SUM(N75:N83)/1000,0) -> 0
B77: ［補助金・助成金］（※１）
G79: =ROUNDDOWN(SUM(F78:F81)/1000,0) -> 0
B81: ［寄付金・協賛金］（※１）
G83: =ROUNDDOWN(SUM(F82:F87)/1000,0) -> 0 | I83: ［旅費・運搬費］
O85: =ROUNDDOWN(SUM(N84:N90)/1000,0) -> 0
B86: ［プログラム等の売上収入］
G88: =ROUNDDOWN(SUM(F87:F94)/1000,0) -> 0
I90: ［宣伝費・印刷費］
O92: =ROUNDDOWN(SUM(N91:N97)/1000,0) -> 0
B94: ［広告料・その他収入］
G96: =ROUNDDOWN(SUM(F95:F100)/1000,0) -> 0
I97: ［謝金・諸経費］
O99: =ROUNDDOWN(SUM(N98:N103)/1000,0) -> 0
B100: ［助成対象経費－自己収入額］ | G100: =G101-G66-G73-G79-G83-G88-G96 -> 0
B101: 合計 | G101: =O110 -> 0
B102: 【消費税等仕入控除額予算書（課税事業者）】
B103: 助成対象経費のうち課税対象外経費 | G103: 単位：千円 | I103: ［委託費］
B104: 項目 | G104: 小計 | Q104: ←委託先・内容・経費の内訳が分かるように記載してください。
B105: 出演費・音楽費・文芸費 | O105: =ROUNDDOWN(SUM(N104:N108)/1000,0) -> 0
B106: 舞台費・会場費
B107: 旅費・運搬費
B108: 宣伝費・印刷費 | I108: 小計（A） | O108: =SUM(O66,O76,O85,O92,O99,O105) -> 0
B109: 謝金・諸経費 | I109: 消費税等仕入控除税額計（C） 課税事業者の場合は｛小計（A）－課税対象外経費計｝×10 /110 課税事業者以外の場合は0 | O109: =IF(共通入力シート!$B$18="課税事業者",ROUNDDOWN((O108-G111)*10/110,0),0) -> 0
B110: 委託費 | I110: 助成対象経費計（D） （小計（A）－消費税等仕入控除税額計（C）） | O110: =O108-O109 -> 0
B111: 課税対象外経費計 | G111: =SUM(G105:G110) -> 0 | I111: 助成対象外経費計（B） （助成対象経費以外の経費）
B112: ○ 課税対象に該当するか否かは、最寄りの税務署等にて御確認ください。
B114: 施設名 | D114: =IF(共通入力シート!$B$2="","",共通入力シート!$B$2) | H114: =IF(共通入力シート!$B$18="※選択してください。","★「共通入力シート」の消費税等仕入控除税額の取扱を選択してください。","")
B115: 要望額 （※２） | D115: =IF(O110=0,"",MAX(0,MIN(INT(O110/2),G100))) | G115: 千円 | H115: ※１ すでに内定している金額、申請中の助成金等の見込額、毎年補助を受けていてほぼ 内定が見込まれる金額（おおよその金額が分かるもの）などについて、記入してください。 ※２ 【課税事業者の場合】… 助成対象経費計（D）の１/２、もしくは ［助成対象経費－自己収入額］のいずれか低い方の額 【課税事業者以外の場合】…支出小計（A)の１/２、もしくは ［助成対象経費－自己収入額］のいずれか低い方の額
B117: 【事業概要】
B118: ※各事業ごとに作成し、A４サイズ１枚以内に収めてください。文字サイズは原則9ポイント以上としてください。
B119: 公演事業
B120: 事業番号 | D120: 公-02
B122: 事業名
L123: （分野） | Q123: =IF(M123="", "←選択してください。", "") -> ←選択してください。
L124: （創作種別） | Q124: =IF(M124="", "←選択してください。", "") -> ←選択してください。
B126: 目標値 | D126: 入場者・参加者数 | I126: 入場者・参加者率（％） | L126: =IF(OR($H128=0,$K128=0),"",$F126/($H128*$K128)) | M126: 収益率（％） | O126: =IF($O224+$O227=0,"",($G217-$G216)/($O224+$O227)) | Q126: =IF(OR(F120="人材養成事業",F120= "普及啓発事業"), "←斜線部は記入する必要はありません。", "")
B127: 目標値の 設定基礎数 | D127: 会場状況・施設形式等 | F127: 会場の定員数 | H127: 設定席数 | K127: 公演回数 | L127: 補足事項
B130: 企画意図 ・目的 | D130: 企画意図・経緯、事業目的・内容、地域の実情やニーズ、対象者 等 ※事業が主に対象とする地域 及び 当該地域の住民に対してもたらす効果等 を踏まえて記載してください。 ※申請している劇場・音楽堂等以外を会場とする場合は、その理由が分かるように記載してください。 | Q130: ←新演出や再演の場合、変更点や着眼点についても記述してください
B141: 事業概要 | D141: 実施日程、実施会場、実施回数、プログラム等 ※日程等が未定の場合は必ず決定時期を記述してください。
D148: 出演者・スタッフ、料金設定 等
B156: その他 | D156: 収益性向上のための計画について（券売数の増加、寄付金・協賛金、各種助成・協力の獲得等） ※申請予定のその他の補助金・助成金や寄付金・協賛金については、見込額等と併せてこちらに記述してください（予算書にも記入してください）。
D160: 観客・参加者等の拡大、認知度向上のための計画について
D164: 他の劇場・音楽堂等／関係機関との連携・協力について ※クレジットの有無に関わらず、連携・協力内容を記入してください。
D168: アクセシビリティ向上の取り組みについて ※バリアフリー・多言語対応の経費（様式1-4-②）を要望する場合は、その取組内容を記述してください。（必須） 要望しない場合も、取組内容があれば記載してください。 | M168: バリアフリー・多言語対応 経費の要望有無 | O168: 要選択 | Q168: ←プルダウンから選択してください。記載内容の内、バリアフリー・多言語対応の経費に計上している物と、そうでない物とがある場合は「一部」を選んでください。
D171: 共催者・協賛者・後援者等クレジット
B175: 【収支予算積算内訳（個表）】
B176: ※各事業ごとに作成し、A４サイズ１枚以内に収めてください。内訳はできるだけ詳細・明確に記入してください。
B177: 事業番号 | E177: 公-02
B178: （収入） | G178: 単位：千円 | I178: （支出） 助成対象経費 | O178: 単位：千円
B179: 内 訳 | F179: （単位：円） | G179: 予算額 | I179: 内 訳 | N179: （単位：円） | O179: 予算額
B180: ［入場料等収入］ | I180: ［出演費・音楽費・文芸費］ | Q180: ←内訳名の下には行を追加しないでください。セルに保護が掛かって入力ができません。
G182: =ROUNDDOWN(SUM(F181:F187)/1000,0) -> 0 | O182: =ROUNDDOWN(SUM(N181:N190)/1000,0) -> 0
B187: ［共催者負担金］（※１）
G189: =ROUNDDOWN(SUM(F188:F193)/1000,0) -> 0
I190: ［舞台費・会場費］
O192: =ROUNDDOWN(SUM(N191:N199)/1000,0) -> 0
B193: ［補助金・助成金］（※１）
G195: =ROUNDDOWN(SUM(F194:F197)/1000,0) -> 0
B197: ［寄付金・協賛金］（※１）
G199: =ROUNDDOWN(SUM(F198:F203)/1000,0) -> 0 | I199: ［旅費・運搬費］
O201: =ROUNDDOWN(SUM(N200:N206)/1000,0) -> 0
B202: ［プログラム等の売上収入］
G204: =ROUNDDOWN(SUM(F203:F210)/1000,0) -> 0
I206: ［宣伝費・印刷費］
O208: =ROUNDDOWN(SUM(N207:N213)/1000,0) -> 0
B210: ［広告料・その他収入］
G212: =ROUNDDOWN(SUM(F211:F216)/1000,0) -> 0
I213: ［謝金・諸経費］
O215: =ROUNDDOWN(SUM(N214:N219)/1000,0) -> 0
B216: ［助成対象経費－自己収入額］ | G216: =G217-G182-G189-G195-G199-G204-G212 -> 0
B217: 合計 | G217: =O226 -> 0
B218: 【消費税等仕入控除額予算書（課税事業者）】
...

Sheet 様式1-4-②（公演_バリアフリー・多言語）
B1: 【収支予算積算内訳（公演事業） バリアフリー・多言語対応（別枠支援）】 ※A４サイズ２枚以内に収めてください。
B3: （１） バリアフリー対応
B4: （支出） 助成対象経費 | M4: 単位：千円 | P4: 経費 小計 | R4: 課税対象外 小計
B5: 事業 番号 | C5: 課税 対象外 | D5: BF設備 | E5: 内 訳 | K5: （単位：円） | L5: 予算額 | P5: BF設備以外 | Q5: BF設備 | R5: BF設備以外 | S5: BF設備
B6: ［文芸費］
D7: - | T7: ←左の青色箇所のプルダウンメニューから、
D8: - | M8: =P8+Q8 -> 0 | P8: =ROUNDDOWN(SUMIFS($K7:$K15,$D7:$D15,"-")/1000,0) -> 0 | Q8: 0 | R8: =ROUNDDOWN(SUMIFS($K7:$K15,$D7:$D15,"-",$C7:$C15,"○")/1000,0) -> 0 | S8: 0 | T8: 対象となる事業番号を選択し、内訳・金額を記入してください。
D9: -
D10: - | T10: 消費税の課税対象外の場合は左の黄色箇所のプルダウンメニューから
D11: - | T11: 〇を選択してください。
D12: -
D13: -
D14: -
B15: ［舞台費］
D16: -
D17: - | M17: =P17+Q17 -> 0 | P17: =ROUNDDOWN(SUMIFS($K16:$K24,$D16:$D24,"-")/1000,0) -> 0 | Q17: 0 | R17: =ROUNDDOWN(SUMIFS($K16:$K24,$D16:$D24,"-",$C16:$C24,"○")/1000,0) -> 0 | S17: 0
D18: -
D19: -
D20: -
D21: -
D22: -
D23: -
B24: ［会場費］
T25: バリアフリー設備（多目的トイレ、授乳室等）の場合は左の黄緑色箇所のプルダウンメニューから
M26: =P26+Q26 -> 0 | P26: =ROUNDDOWN(SUMIFS($K25:$K33,$D25:$D33,"")/1000,0) -> 0 | Q26: =ROUNDDOWN(SUMIFS($K25:$K33,$D25:$D33,"○")/1000,0) -> 0 | R26: =ROUNDDOWN(SUMIFS($K25:$K33,$D25:$D33,"",$C25:$C33,"○")/1000,0) -> 0 | S26: =ROUNDDOWN(SUMIFS($K25:$K33,$D25:$D33,"○",$C25:$C33,"○")/1000,0) -> 0 | T26: 〇を選択してください。
B33: ［運搬費］
D34: -
D35: - | M35: =P35+Q35 -> 0 | P35: =ROUNDDOWN(SUMIFS($K34:$K42,$D34:$D42,"-")/1000,0) -> 0 | Q35: 0 | R35: =ROUNDDOWN(SUMIFS($K34:$K42,$D34:$D42,"-",$C34:$C42,"○")/1000,0) -> 0 | S35: 0
D36: -
D37: -
D38: -
D39: -
D40: -
D41: -
B42: ［宣伝費］
D43: -
D44: - | M44: =P44+Q44 -> 0 | P44: =ROUNDDOWN(SUMIFS($K43:$K51,$D43:$D51,"-")/1000,0) -> 0 | Q44: 0 | R44: =ROUNDDOWN(SUMIFS($K43:$K51,$D43:$D51,"-",$C43:$C51,"○")/1000,0) -> 0 | S44: 0
D45: -
D46: -
D47: -
D48: -
D49: -
D50: -
B51: ［印刷費］
D52: -
D53: - | M53: =P53+Q53 -> 0 | P53: =ROUNDDOWN(SUMIFS($K52:$K60,$D52:$D60,"-")/1000,0) -> 0 | Q53: 0 | R53: =ROUNDDOWN(SUMIFS($K52:$K60,$D52:$D60,"-",$C52:$C60,"○")/1000,0) -> 0 | S53: 0
D54: -
D55: -
D56: -
D57: -
D58: -
D59: -
B60: ［謝金］
D61: -
D62: - | M62: =P62+Q62 -> 0 | P62: =ROUNDDOWN(SUMIFS($K61:$K69,$D61:$D69,"-")/1000,0) -> 0 | Q62: 0 | R62: =ROUNDDOWN(SUMIFS($K61:$K69,$D61:$D69,"-",$C61:$C69,"○")/1000,0) -> 0 | S62: 0
D63: -
D64: -
D65: -
D66: -
D67: -
D68: -
B69: ［委託費］
T70: バリアフリー設備（多目的トイレ、授乳室等）の場合は左の黄緑色箇所のプルダウンメニューから
M71: =P71+Q71 -> 0 | P71: =ROUNDDOWN(SUMIFS($K70:$K78,$D70:$D78,"")/1000,0) -> 0 | Q71: =ROUNDDOWN(SUMIFS($K70:$K78,$D70:$D78,"○")/1000,0) -> 0 | R71: =ROUNDDOWN(SUMIFS($K70:$K78,$D70:$D78,"",$C70:$C78,"○")/1000,0) -> 0 | S71: =ROUNDDOWN(SUMIFS($K70:$K78,$D70:$D78,"○",$C70:$C78,"○")/1000,0) -> 0 | T71: 〇を選択してください。
B78: 小計（a） | M78: =SUM(M8,M17,M26,M35,M44,M53,M62,M71) -> 0 | O78: =SUM(O8,O17,O26,O35,O44,O53,O62) -> 0 | P78: =SUM(P8,P17,P26,P35,P44,P53,P62,P71) -> 0 | Q78: =SUM(Q8,Q17,Q26,Q35,Q44,Q53,Q62,Q71) -> 0 | R78: =SUM(R8,R17,R26,R35,R44,R53,R62,R71) -> 0 | S78: =SUM(S8,S17,S26,S35,S44,S53,S62,S71) -> 0
B81: （２） 多言語対応
B82: （支出） 助成対象経費 | M82: 単位：千円 | P82: 経費 小計 | R82: 課税対象外 小計
B83: 事業 番号 | C83: 課税 対象外 | E83: 内 訳 | K83: （単位：円） | L83: 予算額 | P83: BF設備以外 | Q83: BF設備 | R83: BF設備以外 | S83: BF設備
B84: ［文芸費］
D85: -
D86: - | M86: =P86+Q86 -> 0 | P86: =ROUNDDOWN(SUMIFS($K85:$K93,$D85:$D93,"-")/1000,0) -> 0 | Q86: 0 | R86: =ROUNDDOWN(SUMIFS($K85:$K93,$D85:$D93,"-",$C85:$C93,"○")/1000,0) -> 0 | S86: 0
D87: -
D88: -
D89: -
D90: -
D91: -
D92: -
B93: ［舞台費］
D94: -
D95: - | M95: =P95+Q95 -> 0 | P95: =ROUNDDOWN(SUMIFS($K94:$K102,$D94:$D102,"-")/1000,0) -> 0 | Q95: 0 | R95: =ROUNDDOWN(SUMIFS($K94:$K102,$D94:$D102,"-",$C94:$C102,"○")/1000,0) -> 0 | S95: 0
D96: -
D97: -
D98: -
D99: -
D100: -
D101: -
B102: ［運搬費］
D103: -
D104: - | M104: =P104+Q104 -> 0 | P104: =ROUNDDOWN(SUMIFS($K103:$K111,$D103:$D111,"-")/1000,0) -> 0 | Q104: 0 | R104: =ROUNDDOWN(SUMIFS($K103:$K111,$D103:$D111,"-",$C103:$C111,"○")/1000,0) -> 0 | S104: 0
D105: -
D106: -
D107: -
D108: -
D109: -
D110: -
B111: ［印刷費］
D112: -
D113: - | M113: =P113+Q113 -> 0 | P113: =ROUNDDOWN(SUMIFS($K112:$K120,$D112:$D120,"-")/1000,0) -> 0 | Q113: 0 | R113: =ROUNDDOWN(SUMIFS($K112:$K120,$D112:$D120,"-",$C112:$C120,"○")/1000,0) -> 0 | S113: 0
D114: -
D115: -
...

Sheet 様式1-4-③（人材養成_個表）
B1: 【事業概要】
B2: ※各事業ごとに作成し、A４サイズ１枚以内に収めてください。文字サイズは原則9ポイント以上としてください。
B3: 人材養成事業
B4: 事業番号 | D4: 人-01
B6: 事業名
L7: （分野） | Q7: =IF(M7="", "←選択してください。", "") -> ←選択してください。
B10: 目標値 | D10: 入場者・参加者数 | Q10: =IF(OR(F4="人材養成事業",F4= "普及啓発事業"), "←斜線部は記入する必要はありません。", "")
B14: 企画意図 ・目的 | D14: 企画意図・経緯、事業目的・内容、地域の実情やニーズ、対象者 等 ※事業が主に対象とする地域 及び 当該地域の住民に対してもたらす効果等 を踏まえて記載してください。 ※申請している劇場・音楽堂等以外を会場とする場合は、その理由が分かるように記載してください。
B25: 事業概要 | D25: 実施日程、実施会場、実施回数、プログラム等 ※日程等が未定の場合は必ず決定時期を記述してください。
D32: 出演者・スタッフ、料金設定 等
B40: その他 | D40: 収益性向上のための計画について（券売数の増加、寄付金・協賛金、各種助成・協力の獲得等） ※申請予定のその他の補助金・助成金や寄付金・協賛金については、見込額等と併せてこちらに記述してください（予算書にも記入してください）。
D44: 観客・参加者等の拡大、認知度向上のための計画について
D48: 他の劇場・音楽堂等／関係機関との連携・協力について ※クレジットの有無に関わらず、連携・協力内容を記入してください。
D52: アクセシビリティ向上の取り組みについて ※バリアフリー・多言語対応の経費（様式1-4-④）を要望する場合は、その取組内容を記述してください。（必須） 要望しない場合も、取組内容があれば記載してください。 | M52: バリアフリー・多言語対応 経費の要望有無 | O52: 要選択 | Q52: ←プルダウンから選択してください。記載内容の内、バリアフリー・多言語対応の経費に計上している物と、そうでない物とがある場合は「一部」を選んでください。
D55: 共催者・協賛者・後援者等クレジット
B59: 【収支予算積算内訳（個表）】
B60: ※各事業ごとに作成し、A４サイズ１枚以内に収めてください。内訳はできるだけ詳細・明確に記入してください。
B61: 事業番号 | E61: 人-01
B62: （収入） | G62: 単位：千円 | I62: （支出） 助成対象経費 | O62: 単位：千円
B63: 内 訳 | F63: （単位：円） | G63: 予算額 | I63: 内 訳 | N63: （単位：円） | O63: 予算額
B64: ［入場料等収入］ | I64: ［出演費・音楽費・文芸費］ | Q64: ←内訳名の下には行を追加しないでください。セルに保護が掛かって入力ができません。
G66: =ROUNDDOWN(SUM(F65:F71)/1000,0) -> 0 | O66: =ROUNDDOWN(SUM(N65:N74)/1000,0) -> 0
B71: ［共催者負担金］（※１）
G73: =ROUNDDOWN(SUM(F72:F77)/1000,0) -> 0
I74: ［舞台費・会場費］
O76: =ROUNDDOWN(SUM(N75:N83)/1000,0) -> 0
B77: ［補助金・助成金］（※１）
G79: =ROUNDDOWN(SUM(F78:F81)/1000,0) -> 0
B81: ［寄付金・協賛金］（※１）
G83: =ROUNDDOWN(SUM(F82:F87)/1000,0) -> 0 | I83: ［旅費・運搬費］
O85: =ROUNDDOWN(SUM(N84:N90)/1000,0) -> 0
B86: ［プログラム等の売上収入］
G88: =ROUNDDOWN(SUM(F87:F94)/1000,0) -> 0
I90: ［宣伝費・印刷費］
O92: =ROUNDDOWN(SUM(N91:N97)/1000,0) -> 0
B94: ［広告料・その他収入］
G96: =ROUNDDOWN(SUM(F95:F100)/1000,0) -> 0
I97: ［謝金・諸経費］
O99: =ROUNDDOWN(SUM(N98:N103)/1000,0) -> 0
B100: ［助成対象経費－自己収入額］ | G100: =G101-G66-G73-G79-G83-G88-G96 -> 0
B101: 合計 | G101: =O110 -> 0
B102: 【消費税等仕入控除額予算書（課税事業者）】
B103: 助成対象経費のうち課税対象外経費 | G103: 単位：千円 | I103: ［委託費］
B104: 項目 | G104: 小計 | Q104: ←委託先・内容・経費の内訳が分かるように記載してください。
B105: 出演費・音楽費・文芸費 | O105: =ROUNDDOWN(SUM(N104:N108)/1000,0) -> 0
B106: 舞台費・会場費
B107: 旅費・運搬費
B108: 宣伝費・印刷費 | I108: 小計（A） | O108: =SUM(O66,O76,O85,O92,O99,O105) -> 0
B109: 謝金・諸経費 | I109: 消費税等仕入控除税額計（C） 課税事業者の場合は｛小計（A）－課税対象外経費計｝×10 /110 課税事業者以外の場合は0 | O109: =IF(共通入力シート!$B$18="課税事業者",ROUNDDOWN((O108-G111)*10/110,0),0) -> 0
B110: 委託費 | I110: 助成対象経費計（D） （小計（A）－消費税等仕入控除税額計（C）） | O110: =O108-O109 -> 0
B111: 課税対象外経費計 | G111: =SUM(G105:G110) -> 0 | I111: 助成対象外経費計（B） （助成対象経費以外の経費）
B112: ○ 課税対象に該当するか否かは、最寄りの税務署等にて御確認ください。
B114: 施設名 | D114: =IF(共通入力シート!$B$2="","",共通入力シート!$B$2)
B115: 要望額 （※２） | D115: =IF(O110=0,"",MAX(0,MIN(INT(O110/2),G100))) | G115: 千円 | H115: ※１ すでに内定している金額、申請中の助成金等の見込額、毎年補助を受けていてほぼ 内定が見込まれる金額（おおよその金額が分かるもの）などについて、記入してください。 ※２ 【課税事業者の場合】… 助成対象経費計（D）の１/２、もしくは ［助成対象経費－自己収入額］のいずれか低い方の額 【課税事業者以外の場合】…支出小計（A)の１/２、もしくは ［助成対象経費－自己収入額］のいずれか低い方の額
B117: 【事業概要】
B118: ※各事業ごとに作成し、A４サイズ１枚以内に収めてください。文字サイズは原則9ポイント以上としてください。
B119: 人材養成事業
B120: 事業番号 | D120: 人-02
B122: 事業名
L123: （分野） | Q123: =IF(M123="", "←選択してください。", "") -> ←選択してください。
B126: 目標値 | D126: 入場者・参加者数 | Q126: =IF(OR(F120="人材養成事業",F120= "普及啓発事業"), "←斜線部は記入する必要はありません。", "")
B130: 企画意図 ・目的 | D130: 企画意図・経緯、事業目的・内容、地域の実情やニーズ、対象者 等 ※事業が主に対象とする地域 及び 当該地域の住民に対してもたらす効果等 を踏まえて記載してください。 ※申請している劇場・音楽堂等以外を会場とする場合は、その理由が分かるように記載してください。
B141: 事業概要 | D141: 実施日程、実施会場、実施回数、プログラム等 ※日程等が未定の場合は必ず決定時期を記述してください。
D148: 出演者・スタッフ、料金設定 等
B156: その他 | D156: 収益性向上のための計画について（券売数の増加、寄付金・協賛金、各種助成・協力の獲得等） ※申請予定のその他の補助金・助成金や寄付金・協賛金については、見込額等と併せてこちらに記述してください（予算書にも記入してください）。
D160: 観客・参加者等の拡大、認知度向上のための計画について
D164: 他の劇場・音楽堂等／関係機関との連携・協力について ※クレジットの有無に関わらず、連携・協力内容を記入してください。
D168: アクセシビリティ向上の取り組みについて ※バリアフリー・多言語対応の経費（様式1-4-④）を要望する場合は、その取組内容を記述してください。（必須） 要望しない場合も、取組内容があれば記載してください。 | M168: バリアフリー・多言語対応 経費の要望有無 | O168: 要選択 | Q168: ←プルダウンから選択してください。記載内容の内、バリアフリー・多言語対応の経費に計上している物と、そうでない物とがある場合は「一部」を選んでください。
D171: 共催者・協賛者・後援者等クレジット
B175: 【収支予算積算内訳（個表）】
B176: ※各事業ごとに作成し、A４サイズ１枚以内に収めてください。内訳はできるだけ詳細・明確に記入してください。
B177: 事業番号 | E177: 人-02
B178: （収入） | G178: 単位：千円 | I178: （支出） 助成対象経費 | O178: 単位：千円
B179: 内 訳 | F179: （単位：円） | G179: 予算額 | I179: 内 訳 | N179: （単位：円） | O179: 予算額
B180: ［入場料等収入］ | I180: ［出演費・音楽費・文芸費］ | Q180: ←内訳名の下には行を追加しないでください。セルに保護が掛かって入力ができません。
G182: =ROUNDDOWN(SUM(F181:F187)/1000,0) -> 0 | O182: =ROUNDDOWN(SUM(N181:N190)/1000,0) -> 0
B187: ［共催者負担金］（※１）
G189: =ROUNDDOWN(SUM(F188:F193)/1000,0) -> 0
I190: ［舞台費・会場費］
O192: =ROUNDDOWN(SUM(N191:N199)/1000,0) -> 0
B193: ［補助金・助成金］（※１）
G195: =ROUNDDOWN(SUM(F194:F197)/1000,0) -> 0
B197: ［寄付金・協賛金］（※１）
G199: =ROUNDDOWN(SUM(F198:F203)/1000,0) -> 0 | I199: ［旅費・運搬費］
O201: =ROUNDDOWN(SUM(N200:N206)/1000,0) -> 0
B202: ［プログラム等の売上収入］
G204: =ROUNDDOWN(SUM(F203:F210)/1000,0) -> 0
I206: ［宣伝費・印刷費］
O208: =ROUNDDOWN(SUM(N207:N213)/1000,0) -> 0
B210: ［広告料・その他収入］
G212: =ROUNDDOWN(SUM(F211:F216)/1000,0) -> 0
I213: ［謝金・諸経費］
O215: =ROUNDDOWN(SUM(N214:N219)/1000,0) -> 0
B216: ［助成対象経費－自己収入額］ | G216: =G217-G182-G189-G195-G199-G204-G212 -> 0
B217: 合計 | G217: =O226 -> 0
B218: 【消費税等仕入控除額予算書（課税事業者）】
B219: 助成対象経費のうち課税対象外経費 | G219: 単位：千円 | I219: ［委託費］
B220: 項目 | G220: 小計 | Q220: ←委託先・内容・経費の内訳が分かるように記載してください。
B221: 出演費・音楽費・文芸費 | O221: =ROUNDDOWN(SUM(N220:N224)/1000,0) -> 0
B222: 舞台費・会場費
...

Sheet 様式1-4-④（人材養成_バリアフリー・多言語）
B1: 【収支予算積算内訳（人材養成事業） バリアフリー・多言語対応（別枠支援）】 ※A４サイズ２枚以内に収めてください。
B3: （１） バリアフリー対応
B4: （支出） 助成対象経費 | M4: 単位：千円 | P4: 経費 小計 | R4: 課税対象外 小計
B5: 事業 番号 | C5: 課税 対象外 | D5: BF設備 | E5: 内 訳 | K5: （単位：円） | L5: 予算額 | P5: BF設備以外 | Q5: BF設備 | R5: BF設備以外 | S5: BF設備
B6: ［文芸費］
D7: - | T7: ←左の青色箇所のプルダウンメニューから、
D8: - | M8: =P8+Q8 -> 0 | P8: =ROUNDDOWN(SUMIFS($K7:$K15,$D7:$D15,"-")/1000,0) -> 0 | Q8: 0 | R8: =ROUNDDOWN(SUMIFS($K7:$K15,$D7:$D15,"-",$C7:$C15,"○")/1000,0) -> 0 | S8: 0 | T8: 対象となる事業番号を選択し、内訳・金額を記入してください。
D9: -
D10: - | T10: 消費税の課税対象外の場合は左の黄色箇所のプルダウンメニューから
D11: - | T11: 〇を選択してください。
D12: -
D13: -
D14: -
B15: ［舞台費］
D16: -
D17: - | M17: =P17+Q17 -> 0 | P17: =ROUNDDOWN(SUMIFS($K16:$K24,$D16:$D24,"-")/1000,0) -> 0 | Q17: 0 | R17: =ROUNDDOWN(SUMIFS($K16:$K24,$D16:$D24,"-",$C16:$C24,"○")/1000,0) -> 0 | S17: 0
D18: -
D19: -
D20: -
D21: -
D22: -
D23: -
B24: ［会場費］
T25: バリアフリー設備（多目的トイレ、授乳室等）の場合は左の黄緑色箇所のプルダウンメニューから
M26: =P26+Q26 -> 0 | P26: =ROUNDDOWN(SUMIFS($K25:$K33,$D25:$D33,"")/1000,0) -> 0 | Q26: =ROUNDDOWN(SUMIFS($K25:$K33,$D25:$D33,"○")/1000,0) -> 0 | R26: =ROUNDDOWN(SUMIFS($K25:$K33,$D25:$D33,"",$C25:$C33,"○")/1000,0) -> 0 | S26: =ROUNDDOWN(SUMIFS($K25:$K33,$D25:$D33,"○",$C25:$C33,"○")/1000,0) -> 0 | T26: 〇を選択してください。
B33: ［運搬費］
D34: -
D35: - | M35: =P35+Q35 -> 0 | P35: =ROUNDDOWN(SUMIFS($K34:$K42,$D34:$D42,"-")/1000,0) -> 0 | Q35: 0 | R35: =ROUNDDOWN(SUMIFS($K34:$K42,$D34:$D42,"-",$C34:$C42,"○")/1000,0) -> 0 | S35: 0
D36: -
D37: -
D38: -
D39: -
D40: -
D41: -
B42: ［宣伝費］
D43: -
D44: - | M44: =P44+Q44 -> 0 | P44: =ROUNDDOWN(SUMIFS($K43:$K51,$D43:$D51,"-")/1000,0) -> 0 | Q44: 0 | R44: =ROUNDDOWN(SUMIFS($K43:$K51,$D43:$D51,"-",$C43:$C51,"○")/1000,0) -> 0 | S44: 0
D45: -
D46: -
D47: -
D48: -
D49: -
D50: -
B51: ［印刷費］
D52: -
D53: - | M53: =P53+Q53 -> 0 | P53: =ROUNDDOWN(SUMIFS($K52:$K60,$D52:$D60,"-")/1000,0) -> 0 | Q53: 0 | R53: =ROUNDDOWN(SUMIFS($K52:$K60,$D52:$D60,"-",$C52:$C60,"○")/1000,0) -> 0 | S53: 0
D54: -
D55: -
D56: -
D57: -
D58: -
D59: -
B60: ［謝金］
D61: -
D62: - | M62: =P62+Q62 -> 0 | P62: =ROUNDDOWN(SUMIFS($K61:$K69,$D61:$D69,"-")/1000,0) -> 0 | Q62: 0 | R62: =ROUNDDOWN(SUMIFS($K61:$K69,$D61:$D69,"-",$C61:$C69,"○")/1000,0) -> 0 | S62: 0
D63: -
D64: -
D65: -
D66: -
D67: -
D68: -
B69: ［委託費］
T70: バリアフリー設備（多目的トイレ、授乳室等）の場合は左の黄緑色箇所のプルダウンメニューから
M71: =P71+Q71 -> 0 | P71: =ROUNDDOWN(SUMIFS($K70:$K78,$D70:$D78,"")/1000,0) -> 0 | Q71: =ROUNDDOWN(SUMIFS($K70:$K78,$D70:$D78,"○")/1000,0) -> 0 | R71: =ROUNDDOWN(SUMIFS($K70:$K78,$D70:$D78,"",$C70:$C78,"○")/1000,0) -> 0 | S71: =ROUNDDOWN(SUMIFS($K70:$K78,$D70:$D78,"○",$C70:$C78,"○")/1000,0) -> 0 | T71: 〇を選択してください。
B78: 小計（a） | M78: =SUM(M8,M17,M26,M35,M44,M53,M62,M71) -> 0 | O78: =SUM(O8,O17,O26,O35,O44,O53,O62) -> 0 | P78: =SUM(P8,P17,P26,P35,P44,P53,P62,P71) -> 0 | Q78: =SUM(Q8,Q17,Q26,Q35,Q44,Q53,Q62,Q71) -> 0 | R78: =SUM(R8,R17,R26,R35,R44,R53,R62,R71) -> 0 | S78: =SUM(S8,S17,S26,S35,S44,S53,S62,S71) -> 0
B81: （２） 多言語対応
B82: （支出） 助成対象経費 | M82: 単位：千円 | P82: 経費 小計 | R82: 課税対象外 小計
B83: 事業 番号 | C83: 課税 対象外 | E83: 内 訳 | K83: （単位：円） | L83: 予算額 | P83: BF設備以外 | Q83: BF設備 | R83: BF設備以外 | S83: BF設備
B84: ［文芸費］
D85: -
D86: - | M86: =P86+Q86 -> 0 | P86: =ROUNDDOWN(SUMIFS($K85:$K93,$D85:$D93,"-")/1000,0) -> 0 | Q86: 0 | R86: =ROUNDDOWN(SUMIFS($K85:$K93,$D85:$D93,"-",$C85:$C93,"○")/1000,0) -> 0 | S86: 0
D87: -
D88: -
D89: -
D90: -
D91: -
D92: -
B93: ［舞台費］
D94: -
D95: - | M95: =P95+Q95 -> 0 | P95: =ROUNDDOWN(SUMIFS($K94:$K102,$D94:$D102,"-")/1000,0) -> 0 | Q95: 0 | R95: =ROUNDDOWN(SUMIFS($K94:$K102,$D94:$D102,"-",$C94:$C102,"○")/1000,0) -> 0 | S95: 0
D96: -
D97: -
D98: -
D99: -
D100: -
D101: -
B102: ［運搬費］
D103: -
D104: - | M104: =P104+Q104 -> 0 | P104: =ROUNDDOWN(SUMIFS($K103:$K111,$D103:$D111,"-")/1000,0) -> 0 | Q104: 0 | R104: =ROUNDDOWN(SUMIFS($K103:$K111,$D103:$D111,"-",$C103:$C111,"○")/1000,0) -> 0 | S104: 0
D105: -
D106: -
D107: -
D108: -
D109: -
D110: -
B111: ［印刷費］
D112: -
D113: - | M113: =P113+Q113 -> 0 | P113: =ROUNDDOWN(SUMIFS($K112:$K120,$D112:$D120,"-")/1000,0) -> 0 | Q113: 0 | R113: =ROUNDDOWN(SUMIFS($K112:$K120,$D112:$D120,"-",$C112:$C120,"○")/1000,0) -> 0 | S113: 0
D114: -
D115: -
...

Sheet 様式1-4-⑤（普及啓発_個表）
B1: 【事業概要】
B2: ※各事業ごとに作成し、A４サイズ１枚以内に収めてください。文字サイズは原則9ポイント以上としてください。
B3: 普及啓発事業
B4: 事業番号 | D4: 普-01
B6: 事業名
L7: （分野） | Q7: =IF(M7="", "←選択してください。", "") -> ←選択してください。
B10: 目標値 | D10: 入場者・参加者数 | Q10: =IF(OR(F4="人材養成事業",F4= "普及啓発事業"), "←斜線部は記入する必要はありません。", "")
B14: 企画意図 ・目的 | D14: 企画意図・経緯、事業目的・内容、地域の実情やニーズ、対象者 等 ※事業が主に対象とする地域 及び 当該地域の住民に対してもたらす効果等 を踏まえて記載してください。
B25: 事業概要 | D25: 実施日程、実施会場、実施回数、プログラム等 ※日程等が未定の場合は必ず決定時期を記述してください。
D32: 出演者・スタッフ、料金設定 等
B40: その他 | D40: 収益性向上のための計画について（券売数の増加、寄付金・協賛金、各種助成・協力の獲得等） ※申請予定のその他の補助金・助成金や寄付金・協賛金については、見込額等と併せてこちらに記述してください（予算書にも記入してください）。
D44: 観客・参加者等の拡大、認知度向上のための計画について
D48: 他の劇場・音楽堂等／関係機関との連携・協力について ※クレジットの有無に関わらず、連携・協力内容を記入してください。
D52: アクセシビリティ向上の取り組みについて ※バリアフリー・多言語対応の経費（様式1-4-⑥）を要望する場合は、その取組内容を記述してください。（必須） 要望しない場合も、取組内容があれば記載してください。 | M52: バリアフリー・多言語対応 経費の要望有無 | O52: 要選択 | Q52: ←プルダウンから選択してください。記載内容の内、バリアフリー・多言語対応の経費に計上している物と、そうでない物とがある場合は「一部」を選んでください。
D55: 共催者・協賛者・後援者等クレジット
B59: 【収支予算積算内訳（個表）】
B60: ※各事業ごとに作成し、A４サイズ１枚以内に収めてください。内訳はできるだけ詳細・明確に記入してください。
B61: 事業番号 | E61: 普-01
B62: （収入） | G62: 単位：千円 | I62: （支出） 助成対象経費 | O62: 単位：千円
B63: 内 訳 | F63: （単位：円） | G63: 予算額 | I63: 内 訳 | N63: （単位：円） | O63: 予算額
B64: ［入場料等収入］ | I64: ［出演費・音楽費・文芸費］ | Q64: ←内訳名の下には行を追加しないでください。セルに保護が掛かって入力ができません。
G66: =ROUNDDOWN(SUM(F65:F71)/1000,0) -> 0 | O66: =ROUNDDOWN(SUM(N65:N74)/1000,0) -> 0
B71: ［共催者負担金］（※１）
G73: =ROUNDDOWN(SUM(F72:F77)/1000,0) -> 0
I74: ［舞台費・会場費］
O76: =ROUNDDOWN(SUM(N75:N83)/1000,0) -> 0
B77: ［補助金・助成金］（※１）
G79: =ROUNDDOWN(SUM(F78:F81)/1000,0) -> 0
B81: ［寄付金・協賛金］（※１）
G83: =ROUNDDOWN(SUM(F82:F87)/1000,0) -> 0 | I83: ［旅費・運搬費］
O85: =ROUNDDOWN(SUM(N84:N90)/1000,0) -> 0
B86: ［プログラム等の売上収入］
G88: =ROUNDDOWN(SUM(F87:F94)/1000,0) -> 0
I90: ［宣伝費・印刷費］
O92: =ROUNDDOWN(SUM(N91:N97)/1000,0) -> 0
B94: ［広告料・その他収入］
G96: =ROUNDDOWN(SUM(F95:F100)/1000,0) -> 0
I97: ［謝金・諸経費］
O99: =ROUNDDOWN(SUM(N98:N103)/1000,0) -> 0
B100: ［助成対象経費－自己収入額］ | G100: =G101-G66-G73-G79-G83-G88-G96 -> 0
B101: 合計 | G101: =O110 -> 0
B102: 【消費税等仕入控除額予算書（課税事業者）】
B103: 助成対象経費のうち課税対象外経費 | G103: 単位：千円 | I103: ［委託費］
B104: 項目 | G104: 小計 | Q104: ←委託先・内容・経費の内訳が分かるように記載してください。
B105: 出演費・音楽費・文芸費 | O105: =ROUNDDOWN(SUM(N104:N108)/1000,0) -> 0
B106: 舞台費・会場費
B107: 旅費・運搬費
B108: 宣伝費・印刷費 | I108: 小計（A） | O108: =SUM(O66,O76,O85,O92,O99,O105) -> 0
B109: 謝金・諸経費 | I109: 消費税等仕入控除税額計（C） 課税事業者の場合は｛小計（A）－課税対象外経費計｝×10 /110 課税事業者以外の場合は0 | O109: =IF(共通入力シート!$B$18="課税事業者",ROUNDDOWN((O108-G111)*10/110,0),0) -> 0
B110: 委託費 | I110: 助成対象経費計（D） （小計（A）－消費税等仕入控除税額計（C）） | O110: =O108-O109 -> 0
B111: 課税対象外経費計 | G111: =SUM(G105:G110) -> 0 | I111: 助成対象外経費計（B） （助成対象経費以外の経費）
B112: ○ 課税対象に該当するか否かは、最寄りの税務署等にて御確認ください。
B114: 施設名 | D114: =IF(共通入力シート!$B$2="","",共通入力シート!$B$2)
B115: 要望額 （※２） | D115: =IF(O110=0,"",MAX(0,MIN(INT(O110/2),G100))) | G115: 千円 | H115: ※１ すでに内定している金額、申請中の助成金等の見込額、毎年補助を受けていてほぼ 内定が見込まれる金額（おおよその金額が分かるもの）などについて、記入してください。 ※２ 【課税事業者の場合】… 助成対象経費計（D）の１/２、もしくは ［助成対象経費－自己収入額］のいずれか低い方の額 【課税事業者以外の場合】…支出小計（A)の１/２、もしくは ［助成対象経費－自己収入額］のいずれか低い方の額
B117: 【事業概要】
B118: ※各事業ごとに作成し、A４サイズ１枚以内に収めてください。文字サイズは原則9ポイント以上としてください。
B119: 普及啓発事業
B120: 事業番号 | D120: 普-02
B122: 事業名
L123: （分野） | Q123: =IF(M123="", "←選択してください。", "") -> ←選択してください。
B126: 目標値 | D126: 入場者・参加者数 | Q126: =IF(OR(F120="人材養成事業",F120= "普及啓発事業"), "←斜線部は記入する必要はありません。", "")
B130: 企画意図 ・目的 | D130: 企画意図・経緯、事業目的・内容、地域の実情やニーズ、対象者 等 ※事業が主に対象とする地域 及び 当該地域の住民に対してもたらす効果等 を踏まえて記載してください。
B141: 事業概要 | D141: 実施日程、実施会場、実施回数、プログラム等 ※日程等が未定の場合は必ず決定時期を記述してください。
D148: 出演者・スタッフ、料金設定 等
B156: その他 | D156: 収益性向上のための計画について（券売数の増加、寄付金・協賛金、各種助成・協力の獲得等） ※申請予定のその他の補助金・助成金や寄付金・協賛金については、見込額等と併せてこちらに記述してください（予算書にも記入してください）。
D160: 観客・参加者等の拡大、認知度向上のための計画について
D164: 他の劇場・音楽堂等／関係機関との連携・協力について ※クレジットの有無に関わらず、連携・協力内容を記入してください。
D168: アクセシビリティ向上の取り組みについて ※バリアフリー・多言語対応の経費（様式1-4-⑥）を要望する場合は、その取組内容を記述してください。（必須） 要望しない場合も、取組内容があれば記載してください。 | M168: バリアフリー・多言語対応 経費の要望有無 | O168: 要選択 | Q168: ←プルダウンから選択してください。記載内容の内、バリアフリー・多言語対応の経費に計上している物と、そうでない物とがある場合は「一部」を選んでください。
D171: 共催者・協賛者・後援者等クレジット
B175: 【収支予算積算内訳（個表）】
B176: ※各事業ごとに作成し、A４サイズ１枚以内に収めてください。内訳はできるだけ詳細・明確に記入してください。
B177: 事業番号 | E177: 普-02
B178: （収入） | G178: 単位：千円 | I178: （支出） 助成対象経費 | O178: 単位：千円
B179: 内 訳 | F179: （単位：円） | G179: 予算額 | I179: 内 訳 | N179: （単位：円） | O179: 予算額
B180: ［入場料等収入］ | I180: ［出演費・音楽費・文芸費］ | Q180: ←内訳名の下には行を追加しないでください。セルに保護が掛かって入力ができません。
G182: =ROUNDDOWN(SUM(F181:F187)/1000,0) -> 0 | O182: =ROUNDDOWN(SUM(N181:N190)/1000,0) -> 0
B187: ［共催者負担金］（※１）
G189: =ROUNDDOWN(SUM(F188:F193)/1000,0) -> 0
I190: ［舞台費・会場費］
O192: =ROUNDDOWN(SUM(N191:N199)/1000,0) -> 0
B193: ［補助金・助成金］（※１）
G195: =ROUNDDOWN(SUM(F194:F197)/1000,0) -> 0
B197: ［寄付金・協賛金］（※１）
G199: =ROUNDDOWN(SUM(F198:F203)/1000,0) -> 0 | I199: ［旅費・運搬費］
O201: =ROUNDDOWN(SUM(N200:N206)/1000,0) -> 0
B202: ［プログラム等の売上収入］
G204: =ROUNDDOWN(SUM(F203:F210)/1000,0) -> 0
I206: ［宣伝費・印刷費］
O208: =ROUNDDOWN(SUM(N207:N213)/1000,0) -> 0
B210: ［広告料・その他収入］
G212: =ROUNDDOWN(SUM(F211:F216)/1000,0) -> 0
I213: ［謝金・諸経費］
O215: =ROUNDDOWN(SUM(N214:N219)/1000,0) -> 0
B216: ［助成対象経費－自己収入額］ | G216: =G217-G182-G189-G195-G199-G204-G212 -> 0
B217: 合計 | G217: =O226 -> 0
B218: 【消費税等仕入控除額予算書（課税事業者）】
B219: 助成対象経費のうち課税対象外経費 | G219: 単位：千円 | I219: ［委託費］
B220: 項目 | G220: 小計 | Q220: ←委託先・内容・経費の内訳が分かるように記載してください。
B221: 出演費・音楽費・文芸費 | O221: =ROUNDDOWN(SUM(N220:N224)/1000,0) -> 0
B222: 舞台費・会場費
...

Sheet 様式1-4-⑥（普及啓発_バリアフリー・多言語）
B1: 【収支予算積算内訳（普及啓発事業） バリアフリー・多言語対応（別枠支援）】 ※A４サイズ２枚以内に収めてください。
B3: （１） バリアフリー対応
B4: （支出） 助成対象経費 | M4: 単位：千円 | P4: 経費 小計 | R4: 課税対象外 小計
B5: 事業 番号 | C5: 課税 対象外 | D5: BF設備 | E5: 内 訳 | K5: （単位：円） | L5: 予算額 | P5: BF設備以外 | Q5: BF設備 | R5: BF設備以外 | S5: BF設備
B6: ［文芸費］
D7: - | T7: ←左の青色箇所のプルダウンメニューから、
D8: - | M8: =P8+Q8 -> 0 | P8: =ROUNDDOWN(SUMIFS($K7:$K15,$D7:$D15,"-")/1000,0) -> 0 | Q8: 0 | R8: =ROUNDDOWN(SUMIFS($K7:$K15,$D7:$D15,"-",$C7:$C15,"○")/1000,0) -> 0 | S8: 0 | T8: 対象となる事業番号を選択し、内訳・金額を記入してください。
D9: -
D10: - | T10: 消費税の課税対象外の場合は左の黄色箇所のプルダウンメニューから
D11: - | T11: 〇を選択してください。
D12: -
D13: -
D14: -
B15: ［舞台費］
D16: -
D17: - | M17: =P17+Q17 -> 0 | P17: =ROUNDDOWN(SUMIFS($K16:$K24,$D16:$D24,"-")/1000,0) -> 0 | Q17: 0 | R17: =ROUNDDOWN(SUMIFS($K16:$K24,$D16:$D24,"-",$C16:$C24,"○")/1000,0) -> 0 | S17: 0
D18: -
D19: -
D20: -
D21: -
D22: -
D23: -
B24: ［会場費］
T25: バリアフリー設備（多目的トイレ、授乳室等）の場合は左の黄緑色箇所のプルダウンメニューから
M26: =P26+Q26 -> 0 | P26: =ROUNDDOWN(SUMIFS($K25:$K33,$D25:$D33,"")/1000,0) -> 0 | Q26: =ROUNDDOWN(SUMIFS($K25:$K33,$D25:$D33,"○")/1000,0) -> 0 | R26: =ROUNDDOWN(SUMIFS($K25:$K33,$D25:$D33,"",$C25:$C33,"○")/1000,0) -> 0 | S26: =ROUNDDOWN(SUMIFS($K25:$K33,$D25:$D33,"○",$C25:$C33,"○")/1000,0) -> 0 | T26: 〇を選択してください。
B33: ［運搬費］
D34: -
D35: - | M35: =P35+Q35 -> 0 | P35: =ROUNDDOWN(SUMIFS($K34:$K42,$D34:$D42,"-")/1000,0) -> 0 | Q35: 0 | R35: =ROUNDDOWN(SUMIFS($K34:$K42,$D34:$D42,"-",$C34:$C42,"○")/1000,0) -> 0 | S35: 0
D36: -
D37: -
D38: -
D39: -
D40: -
D41: -
B42: ［宣伝費］
D43: -
D44: - | M44: =P44+Q44 -> 0 | P44: =ROUNDDOWN(SUMIFS($K43:$K51,$D43:$D51,"-")/1000,0) -> 0 | Q44: 0 | R44: =ROUNDDOWN(SUMIFS($K43:$K51,$D43:$D51,"-",$C43:$C51,"○")/1000,0) -> 0 | S44: 0
D45: -
D46: -
D47: -
D48: -
D49: -
D50: -
B51: ［印刷費］
D52: -
D53: - | M53: =P53+Q53 -> 0 | P53: =ROUNDDOWN(SUMIFS($K52:$K60,$D52:$D60,"-")/1000,0) -> 0 | Q53: 0 | R53: =ROUNDDOWN(SUMIFS($K52:$K60,$D52:$D60,"-",$C52:$C60,"○")/1000,0) -> 0 | S53: 0
D54: -
D55: -
D56: -
D57: -
D58: -
D59: -
B60: ［謝金］
D61: -
D62: - | M62: =P62+Q62 -> 0 | P62: =ROUNDDOWN(SUMIFS($K61:$K69,$D61:$D69,"-")/1000,0) -> 0 | Q62: 0 | R62: =ROUNDDOWN(SUMIFS($K61:$K69,$D61:$D69,"-",$C61:$C69,"○")/1000,0) -> 0 | S62: 0
D63: -
D64: -
D65: -
D66: -
D67: -
D68: -
B69: ［委託費］
T70: バリアフリー設備（多目的トイレ、授乳室等）の場合は左の黄緑色箇所のプルダウンメニューから
M71: =P71+Q71 -> 0 | P71: =ROUNDDOWN(SUMIFS($K70:$K78,$D70:$D78,"")/1000,0) -> 0 | Q71: =ROUNDDOWN(SUMIFS($K70:$K78,$D70:$D78,"○")/1000,0) -> 0 | R71: =ROUNDDOWN(SUMIFS($K70:$K78,$D70:$D78,"",$C70:$C78,"○")/1000,0) -> 0 | S71: =ROUNDDOWN(SUMIFS($K70:$K78,$D70:$D78,"○",$C70:$C78,"○")/1000,0) -> 0 | T71: 〇を選択してください。
B78: 小計（a） | M78: =SUM(M8,M17,M26,M35,M44,M53,M62,M71) -> 0 | O78: =SUM(O8,O17,O26,O35,O44,O53,O62) -> 0 | P78: =SUM(P8,P17,P26,P35,P44,P53,P62,P71) -> 0 | Q78: =SUM(Q8,Q17,Q26,Q35,Q44,Q53,Q62,Q71) -> 0 | R78: =SUM(R8,R17,R26,R35,R44,R53,R62,R71) -> 0 | S78: =SUM(S8,S17,S26,S35,S44,S53,S62,S71) -> 0
B81: （２） 多言語対応
B82: （支出） 助成対象経費 | M82: 単位：千円 | P82: 経費 小計 | R82: 課税対象外 小計
B83: 事業 番号 | C83: 課税 対象外 | E83: 内 訳 | K83: （単位：円） | L83: 予算額 | P83: BF設備以外 | Q83: BF設備 | R83: BF設備以外 | S83: BF設備
B84: ［文芸費］
D85: -
D86: - | M86: =P86+Q86 -> 0 | P86: =ROUNDDOWN(SUMIFS($K85:$K93,$D85:$D93,"-")/1000,0) -> 0 | Q86: 0 | R86: =ROUNDDOWN(SUMIFS($K85:$K93,$D85:$D93,"-",$C85:$C93,"○")/1000,0) -> 0 | S86: 0
D87: -
D88: -
D89: -
D90: -
D91: -
D92: -
B93: ［舞台費］
D94: -
D95: - | M95: =P95+Q95 -> 0 | P95: =ROUNDDOWN(SUMIFS($K94:$K102,$D94:$D102,"-")/1000,0) -> 0 | Q95: 0 | R95: =ROUNDDOWN(SUMIFS($K94:$K102,$D94:$D102,"-",$C94:$C102,"○")/1000,0) -> 0 | S95: 0
D96: -
D97: -
D98: -
D99: -
D100: -
D101: -
B102: ［運搬費］
D103: -
D104: - | M104: =P104+Q104 -> 0 | P104: =ROUNDDOWN(SUMIFS($K103:$K111,$D103:$D111,"-")/1000,0) -> 0 | Q104: 0 | R104: =ROUNDDOWN(SUMIFS($K103:$K111,$D103:$D111,"-",$C103:$C111,"○")/1000,0) -> 0 | S104: 0
D105: -
D106: -
D107: -
D108: -
D109: -
D110: -
B111: ［印刷費］
D112: -
D113: - | M113: =P113+Q113 -> 0 | P113: =ROUNDDOWN(SUMIFS($K112:$K120,$D112:$D120,"-")/1000,0) -> 0 | Q113: 0 | R113: =ROUNDDOWN(SUMIFS($K112:$K120,$D112:$D120,"-",$C112:$C120,"○")/1000,0) -> 0 | S113: 0
D114: -
D115: -
...

Sheet 様式1-4-⑦（共生社会_個表）
B1: 【事業概要】
B2: ※各事業ごとに作成し、A４サイズ１枚以内に収めてください。文字サイズは原則9ポイント以上としてください。
B3: 共生社会事業
B4: 事業番号 | D4: 共-01
B6: 事業名
L7: （分野） | Q7: =IF(M7="", "←選択してください。", "") -> ←選択してください。
B10: 目標値 | D10: 入場者・参加者数 | Q10: =IF(OR(F4="人材養成事業",F4= "普及啓発事業"), "←斜線部は記入する必要はありません。", "")
B14: 企画意図 ・目的 | D14: 企画意図・経緯、事業目的・内容、地域の実情やニーズ、対象者 等 ※事業が主に対象とする地域 及び 当該地域の住民に対してもたらす効果等 を踏まえて記載してください。
B25: 事業概要 | D25: 実施日程、実施会場、実施回数、プログラム等 ※日程等が未定の場合は必ず決定時期を記述してください。
D32: 出演者・スタッフ、料金設定 等
B40: その他 | D40: 収益性向上のための計画について（券売数の増加、寄付金・協賛金、各種助成・協力の獲得等） ※申請予定のその他の補助金・助成金や寄付金・協賛金については、見込額等と併せてこちらに記述してください（予算書にも記入してください）。
D44: 観客・参加者等の拡大、認知度向上のための計画について
D48: 他の劇場・音楽堂等／関係機関との連携・協力について ※クレジットの有無に関わらず、連携・協力内容を記入してください。
D52: アクセシビリティ向上の取り組みについて ※バリアフリー・多言語対応の経費（様式1-4-⑧）を要望する場合は、その取組内容を記述してください。（必須） 要望しない場合も、取組内容があれば記載してください。 | M52: バリアフリー・多言語対応 経費の要望有無 | O52: 要選択 | Q52: ←プルダウンから選択してください。記載内容の内、バリアフリー・多言語対応の経費に計上している物と、そうでない物とがある場合は「一部」を選んでください。
D55: 共催者・協賛者・後援者等クレジット
B59: 【収支予算積算内訳（個表）】
B60: ※各事業ごとに作成し、A４サイズ１枚以内に収めてください。内訳はできるだけ詳細・明確に記入してください。
B61: 事業番号 | E61: 共-01
B62: （収入） | G62: 単位：千円 | I62: （支出） 助成対象経費 | O62: 単位：千円
B63: 内 訳 | F63: （単位：円） | G63: 予算額 | I63: 内 訳 | N63: （単位：円） | O63: 予算額
B64: ［入場料等収入］ | I64: ［出演費・音楽費・文芸費］ | Q64: ←内訳名の下には行を追加しないでください。セルに保護が掛かって入力ができません。
G66: =ROUNDDOWN(SUM(F65:F71)/1000,0) -> 0 | O66: =ROUNDDOWN(SUM(N65:N74)/1000,0) -> 0
B71: ［共催者負担金］（※１）
G73: =ROUNDDOWN(SUM(F72:F77)/1000,0) -> 0
I74: ［舞台費・会場費］
O76: =ROUNDDOWN(SUM(N75:N83)/1000,0) -> 0
B77: ［補助金・助成金］（※１）
G79: =ROUNDDOWN(SUM(F78:F81)/1000,0) -> 0
B81: ［寄付金・協賛金］（※１）
G83: =ROUNDDOWN(SUM(F82:F87)/1000,0) -> 0 | I83: ［旅費・運搬費］
O85: =ROUNDDOWN(SUM(N84:N90)/1000,0) -> 0
B86: ［プログラム等の売上収入］
G88: =ROUNDDOWN(SUM(F87:F94)/1000,0) -> 0
I90: ［宣伝費・印刷費］
O92: =ROUNDDOWN(SUM(N91:N97)/1000,0) -> 0
B94: ［広告料・その他収入］
G96: =ROUNDDOWN(SUM(F95:F100)/1000,0) -> 0
I97: ［謝金・諸経費］
O99: =ROUNDDOWN(SUM(N98:N103)/1000,0) -> 0
B100: ［助成対象経費－自己収入額］ | G100: =G101-G66-G73-G79-G83-G88-G96 -> 0
B101: 合計 | G101: =O110 -> 0
B102: 【消費税等仕入控除額予算書（課税事業者）】
B103: 助成対象経費のうち課税対象外経費 | G103: 単位：千円 | I103: ［委託費］
B104: 項目 | G104: 小計 | Q104: ←委託先・内容・経費の内訳が分かるように記載してください。
B105: 出演費・音楽費・文芸費 | O105: =ROUNDDOWN(SUM(N104:N108)/1000,0) -> 0
B106: 舞台費・会場費
B107: 旅費・運搬費
B108: 宣伝費・印刷費 | I108: 小計（A） | O108: =SUM(O66,O76,O85,O92,O99,O105) -> 0
B109: 謝金・諸経費 | I109: 消費税等仕入控除税額計（C） 課税事業者の場合は｛小計（A）－課税対象外経費計｝×10 /110 課税事業者以外の場合は0 | O109: =IF(共通入力シート!$B$18="課税事業者",ROUNDDOWN((O108-G111)*10/110,0),0) -> 0
B110: 委託費 | I110: 助成対象経費計（D） （小計（A）－消費税等仕入控除税額計（C）） | O110: =O108-O109 -> 0
B111: 課税対象外経費計 | G111: =SUM(G105:G110) -> 0 | I111: 助成対象外経費計（B） （助成対象経費以外の経費）
B112: ○ 課税対象に該当するか否かは、最寄りの税務署等にて御確認ください。
B114: 施設名 | D114: =IF(共通入力シート!$B$2="","",共通入力シート!$B$2)
B115: 要望額 （※２） | D115: =IF(O110=0,"",MAX(0,MIN(INT(O110/2),G100))) | G115: 千円 | H115: ※１ すでに内定している金額、申請中の助成金等の見込額、毎年補助を受けていてほぼ 内定が見込まれる金額（おおよその金額が分かるもの）などについて、記入してください。 ※２ 【課税事業者の場合】… 助成対象経費計（D）の１/２、もしくは ［助成対象経費－自己収入額］のいずれか低い方の額 【課税事業者以外の場合】…支出小計（A)の１/２、もしくは ［助成対象経費－自己収入額］のいずれか低い方の額
B117: 【事業概要】
B118: ※各事業ごとに作成し、A４サイズ１枚以内に収めてください。文字サイズは原則9ポイント以上としてください。
B119: 共生社会事業
B120: 事業番号 | D120: 共-02
B122: 事業名
L123: （分野） | Q123: =IF(M123="", "←選択してください。", "") -> ←選択してください。
B126: 目標値 | D126: 入場者・参加者数 | Q126: =IF(OR(F120="人材養成事業",F120= "普及啓発事業"), "←斜線部は記入する必要はありません。", "")
B130: 企画意図 ・目的 | D130: 企画意図・経緯、事業目的・内容、地域の実情やニーズ、対象者 等 ※事業が主に対象とする地域 及び 当該地域の住民に対してもたらす効果等 を踏まえて記載してください。
B141: 事業概要 | D141: 実施日程、実施会場、実施回数、プログラム等 ※日程等が未定の場合は必ず決定時期を記述してください。
D148: 出演者・スタッフ、料金設定 等
B156: その他 | D156: 収益性向上のための計画について（券売数の増加、寄付金・協賛金、各種助成・協力の獲得等） ※申請予定のその他の補助金・助成金や寄付金・協賛金については、見込額等と併せてこちらに記述してください（予算書にも記入してください）。
D160: 観客・参加者等の拡大、認知度向上のための計画について
D164: 他の劇場・音楽堂等／関係機関との連携・協力について ※クレジットの有無に関わらず、連携・協力内容を記入してください。
D168: アクセシビリティ向上の取り組みについて ※バリアフリー・多言語対応の経費（様式1-4-⑧）を要望する場合は、その取組内容を記述してください。（必須） 要望しない場合も、取組内容があれば記載してください。 | M168: バリアフリー・多言語対応 経費の要望有無 | O168: 要選択 | Q168: ←プルダウンから選択してください。記載内容の内、バリアフリー・多言語対応の経費に計上している物と、そうでない物とがある場合は「一部」を選んでください。
D171: 共催者・協賛者・後援者等クレジット
B175: 【収支予算積算内訳（個表）】
B176: ※各事業ごとに作成し、A４サイズ１枚以内に収めてください。内訳はできるだけ詳細・明確に記入してください。
B177: 事業番号 | E177: 共-02
B178: （収入） | G178: 単位：千円 | I178: （支出） 助成対象経費 | O178: 単位：千円
B179: 内 訳 | F179: （単位：円） | G179: 予算額 | I179: 内 訳 | N179: （単位：円） | O179: 予算額
B180: ［入場料等収入］ | I180: ［出演費・音楽費・文芸費］ | Q180: ←内訳名の下には行を追加しないでください。セルに保護が掛かって入力ができません。
G182: =ROUNDDOWN(SUM(F181:F187)/1000,0) -> 0 | O182: =ROUNDDOWN(SUM(N181:N190)/1000,0) -> 0
B187: ［共催者負担金］（※１）
G189: =ROUNDDOWN(SUM(F188:F193)/1000,0) -> 0
I190: ［舞台費・会場費］
O192: =ROUNDDOWN(SUM(N191:N199)/1000,0) -> 0
B193: ［補助金・助成金］（※１）
G195: =ROUNDDOWN(SUM(F194:F197)/1000,0) -> 0
B197: ［寄付金・協賛金］（※１）
G199: =ROUNDDOWN(SUM(F198:F203)/1000,0) -> 0 | I199: ［旅費・運搬費］
O201: =ROUNDDOWN(SUM(N200:N206)/1000,0) -> 0
B202: ［プログラム等の売上収入］
G204: =ROUNDDOWN(SUM(F203:F210)/1000,0) -> 0
I206: ［宣伝費・印刷費］
O208: =ROUNDDOWN(SUM(N207:N213)/1000,0) -> 0
B210: ［広告料・その他収入］
G212: =ROUNDDOWN(SUM(F211:F216)/1000,0) -> 0
I213: ［謝金・諸経費］
O215: =ROUNDDOWN(SUM(N214:N219)/1000,0) -> 0
B216: ［助成対象経費－自己収入額］ | G216: =G217-G182-G189-G195-G199-G204-G212 -> 0
B217: 合計 | G217: =O226 -> 0
B218: 【消費税等仕入控除額予算書（課税事業者）】
B219: 助成対象経費のうち課税対象外経費 | G219: 単位：千円 | I219: ［委託費］
B220: 項目 | G220: 小計 | Q220: ←委託先・内容・経費の内訳が分かるように記載してください。
B221: 出演費・音楽費・文芸費 | O221: =ROUNDDOWN(SUM(N220:N224)/1000,0) -> 0
B222: 舞台費・会場費
...

Sheet 様式1-4-⑧（共生社会_バリアフリー・多言語）
B1: 【収支予算積算内訳（共生社会事業） バリアフリー・多言語対応（別枠支援）】 ※A４サイズ２枚以内に収めてください。
B3: （１） バリアフリー対応
B4: （支出） 助成対象経費 | M4: 単位：千円 | P4: 経費 小計 | R4: 課税対象外 小計
B5: 事業 番号 | C5: 課税 対象外 | D5: BF設備 | E5: 内 訳 | K5: （単位：円） | L5: 予算額 | P5: BF設備以外 | Q5: BF設備 | R5: BF設備以外 | S5: BF設備
B6: ［文芸費］
D7: - | T7: ←左の青色箇所のプルダウンメニューから、
D8: - | M8: =P8+Q8 -> 0 | P8: =ROUNDDOWN(SUMIFS($K7:$K15,$D7:$D15,"-")/1000,0) -> 0 | Q8: 0 | R8: =ROUNDDOWN(SUMIFS($K7:$K15,$D7:$D15,"-",$C7:$C15,"○")/1000,0) -> 0 | S8: 0 | T8: 対象となる事業番号を選択し、内訳・金額を記入してください。
D9: -
D10: - | T10: 消費税の課税対象外の場合は左の黄色箇所のプルダウンメニューから
D11: - | T11: 〇を選択してください。
D12: -
D13: -
D14: -
B15: ［舞台費］
D16: -
D17: - | M17: =P17+Q17 -> 0 | P17: =ROUNDDOWN(SUMIFS($K16:$K24,$D16:$D24,"-")/1000,0) -> 0 | Q17: 0 | R17: =ROUNDDOWN(SUMIFS($K16:$K24,$D16:$D24,"-",$C16:$C24,"○")/1000,0) -> 0 | S17: 0
D18: -
D19: -
D20: -
D21: -
D22: -
D23: -
B24: ［会場費］
T25: バリアフリー設備（多目的トイレ、授乳室等）の場合は左の黄緑色箇所のプルダウンメニューから
M26: =P26+Q26 -> 0 | P26: =ROUNDDOWN(SUMIFS($K25:$K33,$D25:$D33,"")/1000,0) -> 0 | Q26: =ROUNDDOWN(SUMIFS($K25:$K33,$D25:$D33,"○")/1000,0) -> 0 | R26: =ROUNDDOWN(SUMIFS($K25:$K33,$D25:$D33,"",$C25:$C33,"○")/1000,0) -> 0 | S26: =ROUNDDOWN(SUMIFS($K25:$K33,$D25:$D33,"○",$C25:$C33,"○")/1000,0) -> 0 | T26: 〇を選択してください。
B33: ［運搬費］
D34: -
D35: - | M35: =P35+Q35 -> 0 | P35: =ROUNDDOWN(SUMIFS($K34:$K42,$D34:$D42,"-")/1000,0) -> 0 | Q35: 0 | R35: =ROUNDDOWN(SUMIFS($K34:$K42,$D34:$D42,"-",$C34:$C42,"○")/1000,0) -> 0 | S35: 0
D36: -
D37: -
D38: -
D39: -
D40: -
D41: -
B42: ［宣伝費］
D43: -
D44: - | M44: =P44+Q44 -> 0 | P44: =ROUNDDOWN(SUMIFS($K43:$K51,$D43:$D51,"-")/1000,0) -> 0 | Q44: 0 | R44: =ROUNDDOWN(SUMIFS($K43:$K51,$D43:$D51,"-",$C43:$C51,"○")/1000,0) -> 0 | S44: 0
D45: -
D46: -
D47: -
D48: -
D49: -
D50: -
B51: ［印刷費］
D52: -
D53: - | M53: =P53+Q53 -> 0 | P53: =ROUNDDOWN(SUMIFS($K52:$K60,$D52:$D60,"-")/1000,0) -> 0 | Q53: 0 | R53: =ROUNDDOWN(SUMIFS($K52:$K60,$D52:$D60,"-",$C52:$C60,"○")/1000,0) -> 0 | S53: 0
D54: -
D55: -
D56: -
D57: -
D58: -
D59: -
B60: ［謝金］
D61: -
D62: - | M62: =P62+Q62 -> 0 | P62: =ROUNDDOWN(SUMIFS($K61:$K69,$D61:$D69,"-")/1000,0) -> 0 | Q62: 0 | R62: =ROUNDDOWN(SUMIFS($K61:$K69,$D61:$D69,"-",$C61:$C69,"○")/1000,0) -> 0 | S62: 0
D63: -
D64: -
D65: -
D66: -
D67: -
D68: -
B69: ［委託費］
T70: バリアフリー設備（多目的トイレ、授乳室等）の場合は左の黄緑色箇所のプルダウンメニューから
M71: =P71+Q71 -> 0 | P71: =ROUNDDOWN(SUMIFS($K70:$K78,$D70:$D78,"")/1000,0) -> 0 | Q71: =ROUNDDOWN(SUMIFS($K70:$K78,$D70:$D78,"○")/1000,0) -> 0 | R71: =ROUNDDOWN(SUMIFS($K70:$K78,$D70:$D78,"",$C70:$C78,"○")/1000,0) -> 0 | S71: =ROUNDDOWN(SUMIFS($K70:$K78,$D70:$D78,"○",$C70:$C78,"○")/1000,0) -> 0 | T71: 〇を選択してください。
B78: 小計（a） | M78: =SUM(M8,M17,M26,M35,M44,M53,M62,M71) -> 0 | O78: =SUM(O8,O17,O26,O35,O44,O53,O62) -> 0 | P78: =SUM(P8,P17,P26,P35,P44,P53,P62,P71) -> 0 | Q78: =SUM(Q8,Q17,Q26,Q35,Q44,Q53,Q62,Q71) -> 0 | R78: =SUM(R8,R17,R26,R35,R44,R53,R62,R71) -> 0 | S78: =SUM(S8,S17,S26,S35,S44,S53,S62,S71) -> 0
B81: （２） 多言語対応
B82: （支出） 助成対象経費 | M82: 単位：千円 | P82: 経費 小計 | R82: 課税対象外 小計
B83: 事業 番号 | C83: 課税 対象外 | E83: 内 訳 | K83: （単位：円） | L83: 予算額 | P83: BF設備以外 | Q83: BF設備 | R83: BF設備以外 | S83: BF設備
B84: ［文芸費］
D85: -
D86: - | M86: =P86+Q86 -> 0 | P86: =ROUNDDOWN(SUMIFS($K85:$K93,$D85:$D93,"-")/1000,0) -> 0 | Q86: 0 | R86: =ROUNDDOWN(SUMIFS($K85:$K93,$D85:$D93,"-",$C85:$C93,"○")/1000,0) -> 0 | S86: 0
D87: -
D88: -
D89: -
D90: -
D91: -
D92: -
B93: ［舞台費］
D94: -
D95: - | M95: =P95+Q95 -> 0 | P95: =ROUNDDOWN(SUMIFS($K94:$K102,$D94:$D102,"-")/1000,0) -> 0 | Q95: 0 | R95: =ROUNDDOWN(SUMIFS($K94:$K102,$D94:$D102,"-",$C94:$C102,"○")/1000,0) -> 0 | S95: 0
D96: -
D97: -
D98: -
D99: -
D100: -
D101: -
B102: ［運搬費］
D103: -
D104: - | M104: =P104+Q104 -> 0 | P104: =ROUNDDOWN(SUMIFS($K103:$K111,$D103:$D111,"-")/1000,0) -> 0 | Q104: 0 | R104: =ROUNDDOWN(SUMIFS($K103:$K111,$D103:$D111,"-",$C103:$C111,"○")/1000,0) -> 0 | S104: 0
D105: -
D106: -
D107: -
D108: -
D109: -
D110: -
B111: ［印刷費］
D112: -
D113: - | M113: =P113+Q113 -> 0 | P113: =ROUNDDOWN(SUMIFS($K112:$K120,$D112:$D120,"-")/1000,0) -> 0 | Q113: 0 | R113: =ROUNDDOWN(SUMIFS($K112:$K120,$D112:$D120,"-",$C112:$C120,"○")/1000,0) -> 0 | S113: 0
D114: -
D115: -
...

Sheet 様式1-5_1（基本情報）
B2: １．施設の概要 | P2: ※当該劇場・音楽堂等の設置者等が記入してください。 | R2: ←以下、応募時点での内容を入力してください。
B4: 施設の名称 | D4: （ふりがな） | F4: =IF(共通入力シート!C2=0,"",共通入力シート!C2) | M4: （設 置 者） | O4: =IF(共通入力シート!B6=0,"",共通入力シート!B6)
D5: =IF(共通入力シート!B2=0,"",共通入力シート!B2) | M5: （設置年月） | O5: 年 月
B6: 館長・ 支配人名
B7: 設置目的と その根拠 | D7: 【設置目的】
D11: 【設置根拠】
B15: 文化振興 条例・計画等 | D15: （公立文化施設の場合）
D16: 文化芸術振興のための条例・計画等の有無： | J16: ※選択してください。
D17: 「有」の場合の条例・計画等の名称及び制定年 ：
B18: 施設規模 | D18: 舞台施設
D19: ホール名
D20: 面積（単位：㎡）
D21: 舞台形状
D22: 客席総数
G23: 可動席： | I23: 可動席： | K23: 可動席： | M23: 可動席： | O23: 可動席：
G24: 車椅子席： | I24: 車椅子席： | K24: 車椅子席： | M24: 車椅子席： | O24: 車椅子席：
D25: ホール名
D26: 舞台形状
D27: 客席総数
G28: 可動席： | I28: 可動席： | K28: 可動席： | M28: 可動席： | O28: 可動席：
G29: 車椅子席： | I29: 車椅子席： | K29: 車椅子席： | M29: 車椅子席： | O29: 車椅子席：
D30: 関係施設（付帯施設）
D31: 施設名
D32: 面積（単位：㎡）
D33: 施設名 | K33: 託児施設 | M33: レストラン | O33: 駐車場
D34: 面積（単位：㎡） | K34: ※選択してください | M34: ※選択してください | O34: 収容台数 台
B35: バリアフリーの対応状況 | D35: 施設における物理的バリアフリー化の状況
D36: ※「障害者差別解消法」及び「障害者による文化芸術活動の推進に関する法律」を参照のこと
B41: アクセシビリティ向上の取り組み | D41: 施設における物理的バリアフリー化が難しい場合の対応策、その他のアクセシビリティ向上の取り組みについて （情報保障、鑑賞サポート等）
D42: ※「障害者差別解消法」及び「障害者による文化芸術活動の推進に関する法律」を参照のこと
B47: 安全管理に 関する事項 | D47: 施設・設備の保守・改修に関する事項
D48: 中長期修繕計画の有無 | I48: ※選択してください | K48: 策定年月： | N48: （改定している場合はその時期を記入）
D49: 休館を伴う大規模改修・修繕の実施状況 | I49: 過去５年以内の実績： | K49: ※選択してください | M49: 実施時期： | N49: 年 月
I50: 今後５年以内の予定： | K50: ※選択してください | M50: 実施時期： | N50: 年 月
D51: 【主な内容】
D56: 非常時の対応に関する事項
D57: 災害等非常時における危機管理マニュアルの整備状況 | I57: ※選択してください | K57: 策定年月： | N57: （改定している場合はその時期を記入）
B59: ２．管理運営団体の概要
B61: 団体の名称 | D61: （ふりがな） | F61: =IF(共通入力シート!C12="","",共通入力シート!C12) | L61: （代表者役職） | N61: =IF(共通入力シート!B16="","",共通入力シート!B16)
D62: =IF(共通入力シート!B12="","",共通入力シート!B12) | L62: （代表者氏名） | N62: =IF(共通入力シート!B17="","",共通入力シート!B17)
L63: （設立年月） | N63: 年 月
B64: 所在地 | D64: 〒 | E64: =IF(共通入力シート!B13="","",共通入力シート!B13)
D65: =IF(共通入力シート!B14="","",共通入力シート!B14 & 共通入力シート!B15)
B66: 管理・運営の形態 | D66: ※「自治体直営」「指定管理者制度」「コンセッション方式」「民間設置」「その他」のいずれかを選択してください。 | J66: （「その他」を選択した場合）
B67: 指定管理者制度の運用状況 | D67: 指定管理の状況 | F67: 指定管理期間 期目（現在の指定管理期間：平成・令和 年 月～令和 年 月 年間）
D69: 選考方法： | F69: ※「公募」又は「非公募」のいずれかを選択してください。
B70: 経営 責任者 | D70: 役職 | H70: 氏名 | L70: 勤務形態（任期）
B74: 芸術監督等 | D74: 役職 | H74: 氏名 | L74: 勤務形態（任期）
B79: 事業系 専門人材 （責任者及び主な担当者） | D79: 役職 | H79: 氏名 | L79: 勤務形態（任期）
B85: 舞台技術 スタッフ （責任者及び主な担当者） | D85: 役職 | H85: 氏名 | L85: 勤務形態（任期）
B91: 会計 責任者 | D91: 役職 | H91: 氏名 | L91: 勤務形態（任期）
B95: 監査 責任者 | D95: 役職 | H95: 氏名 | L95: 勤務形態（任期）
B99: 外部監査の 実施状況 | D99: ※「有」「無」を選択してください。公立の劇場・音楽堂等で直営の場合は「有」を選択してください。
B101: 【組織図】
B103: ※ 複数施設を管理運営している場合は、「全体組織図」及び「当該施設を管理運営する組織体制」について記載してください。その場合、２枚になっても結構です。 ※ 運営者が共同事業体の場合は、共同事業体の全体図（構成団体及び役割等）についても記載してください。
B146: ３．組織体制
B149: （１） | C149: 雇用状況 | I149: *人数は、実人数で記入してください（小数点以下は生じません）。
C150: 職名・雇用形態 | I150: 人数* | L150: 補足説明
J151: 男性* | K151: 女性*
C152: 館長・支配人等 | I152: =SUM(J152:K152) -> 0
C153: 芸術監督等 | I153: =SUM(J153:K153) -> 0
C154: 事業担当管理職 | I154: =SUM(I155:I156) -> 0 | J154: =SUM(J155:J156) -> 0 | K154: =SUM(K155:K156) -> 0
D155: 正職員・無期雇用職員 | I155: =SUM(J155:K155) -> 0
D156: 有期雇用職員等 | I156: =SUM(J156:K156) -> 0
C157: 舞台技術担当管理職 | I157: =SUM(I158:I159) -> 0 | J157: =SUM(J158:J159) -> 0 | K157: =SUM(K158:K159) -> 0
D158: 正職員・無期雇用職員 | I158: =SUM(J158:K158) -> 0
D159: 有期雇用職員等 | I159: =SUM(J159:K159) -> 0
C160: 総務・管理担当管理職 | I160: =SUM(I161:I162) -> 0 | J160: =SUM(J161:J162) -> 0 | K160: =SUM(K161:K162) -> 0
D161: 正職員・無期雇用職員 | I161: =SUM(J161:K161) -> 0
D162: 有期雇用職員等 | I162: =SUM(J162:K162) -> 0
C163: 事業担当者（一般職） | I163: =SUM(I164:I166) -> 0 | J163: =SUM(J164:J166) -> 0 | K163: =SUM(K164:K166) -> 0
D164: 正職員・無期雇用職員 | I164: =SUM(J164:K164) -> 0
D165: 有期雇用職員等 | I165: =SUM(J165:K165) -> 0
D166: 人材派遣職員 | I166: =SUM(J166:K166) -> 0
C167: 舞台技術者（一般職） | I167: =SUM(I168:I170) -> 0 | J167: =SUM(J168:J170) -> 0 | K167: =SUM(K168:K170) -> 0
D168: 正職員・無期雇用職員 | I168: =SUM(J168:K168) -> 0
D169: 有期雇用職員等 | I169: =SUM(J169:K169) -> 0
D170: 人材派遣職員 | I170: =SUM(J170:K170) -> 0
C171: 総務・管理担当者（一般職） | I171: =SUM(I172:I174) -> 0 | J171: =SUM(J172:J174) -> 0 | K171: =SUM(K172:K174) -> 0
D172: 正職員・無期雇用職員 | I172: =SUM(J172:K172) -> 0
D173: 有期雇用職員等 | I173: =SUM(J173:K173) -> 0
D174: 人材派遣職員 | I174: =SUM(J174:K174) -> 0
C175: その他 | I175: =SUM(J175:K175) -> 0
H176: 計 | I176: =SUM(J176:K176) -> 0 | J176: =SUM(J152,J153,J154,J157,J160,J163,J167,J171,J175) -> 0 | K176: =SUM(K152,K153,K154,K157,K160,K163,K167,K171,K175) -> 0
C177: ※１ | D177: 職員が主に担当している職務により分類し記入してください。 分類が難しい場合には、「事業担当者」欄に計上してください。
C178: ※２ | D178: 他の施設等と兼務している場合であっても１人として計上してください。
C179: ※３ | D179: 事業ごとに短期で契約する職員やアルバイト職員、ボランティアスタッフは計上しないでください。
C180: ※４ | D180: 設置者（地方自治体等）からの派遣、もしくは出向職員については、「正職員・無期雇用職員」欄に計上し、「補足説明」欄に内容を記述してください。
C181: ※５ | D181: 「正職員・無期雇用職員」以外の雇用形態の職員は「有期雇用職員等」欄に計上し、「補足説明」欄に内容を記述してください。
C182: ※６ | D182: 派遣会社等から長期契約で派遣される派遣職員については「人材派遣職員」欄に計上してください。
C183: ※７ | D183: レジデント・カンパニー付きスタッフなど、他に分類できない場合には「その他」に計上し、「補足説明」欄に内容を記述してください。
C184: ※８ | D184: ジェンダーバランスの対応状況を把握するために男女の人数の記載を求めています。
B186: （２） | C186: レジデント・カンパニー、レジデント・アーティストについて
C187: ① | D187: 当該劇場・音楽堂等を創造拠点又は準拠点とする 実演芸術団体・アーティスト（※）の有無： ※芸術監督がアーティストとして当該劇場で創作活動を行っている場合を含みます。 | K187: ※選択してください。
C188: ‐‐‐‐以下、①の設問において「有」と選択した場合、回答してください。‐‐‐‐
C189: ※なお、複数の実演芸術団体・アーティストを擁している場合は、それぞれ記入してください（３団体まで）。
C190: 団体・アーティスト その１ | D190: ② | E190: 実演芸術団体名・アーティスト名及び人数 | P190: 人
D191: ③ | E191: 実演芸術団体等との契約先及び名称 （専属・提携・フランチャイズ等）
D192: ④ | E192: 実演芸術団体等と上記の関係を開始した年 | L192: 選択 | N192: 年 | P192: 月
D193: ⑤ | E193: おおよその年間活動日数 | P193: 日
...

Sheet 様式1-5_2（略歴）
C2: 【略 歴】 | AD2: ←以下、応募時点での内容を入力してください。
C4: □ | D4: 芸術監督 等 | G4: □ | H4: 劇場・音楽堂等 経営責任者 | O4: □ | P4: プロデューサー 等 | V4: □ | W4: 舞台技術責任者
C5: 氏名 | E5: （ふりがな） | R5: 所属・役職
C7: 雇用形態 | E7: □常勤（任期なし） | I7: □常勤（任期あり） | M7: 任期： | N7: 選択 | P7: 年 | R7: 月 | T7: 日 | U7: ～令和 | W7: 年 | Y7: 月 | AA7: 日
E8: □非常勤 | I8: □外部委託 | M8: 任期： | N8: 選択 | P8: 年 | R8: 月 | T8: 日 | U8: ～令和 | W8: 年 | Y8: 月 | AA8: 日
C9: 経歴 | E9: 期間 | L9: 所属及び職務内容
F10: 年 | H10: 月 | J10: 日 | K10: から
F11: 年 | H11: 月 | J11: 日 | K11: まで
F12: 年 | H12: 月 | J12: 日 | K12: から
F13: 年 | H13: 月 | J13: 日 | K13: まで
F14: 年 | H14: 月 | J14: 日 | K14: から
F15: 年 | H15: 月 | J15: 日 | K15: まで
F16: 年 | H16: 月 | J16: 日 | K16: から
F17: 年 | H17: 月 | J17: 日 | K17: まで
C18: 携わった 主な作品 | E18: 実施日 | L18: 演目等 | W18: 出演者
C21: 主な受賞歴 | E21: 受賞年月 | L21: 演目等
C25: □ | D25: 芸術監督 等 | G25: □ | H25: 劇場・音楽堂等 経営責任者 | O25: □ | P25: プロデューサー 等 | V25: □ | W25: 舞台技術責任者
C26: 氏名 | E26: （ふりがな） | R26: 所属・役職
C28: 雇用形態 | E28: □常勤（任期なし） | I28: □常勤（任期あり） | M28: 任期： | N28: 選択 | P28: 年 | R28: 月 | T28: 日 | U28: ～令和 | W28: 年 | Y28: 月 | AA28: 日
E29: □非常勤 | I29: □外部委託 | M29: 任期： | N29: 選択 | P29: 年 | R29: 月 | T29: 日 | U29: ～令和 | W29: 年 | Y29: 月 | AA29: 日
C30: 経歴 | E30: 期間 | L30: 所属及び職務内容
F31: 年 | H31: 月 | J31: 日 | K31: から
F32: 年 | H32: 月 | J32: 日 | K32: まで
F33: 年 | H33: 月 | J33: 日 | K33: から
F34: 年 | H34: 月 | J34: 日 | K34: まで
F35: 年 | H35: 月 | J35: 日 | K35: から
F36: 年 | H36: 月 | J36: 日 | K36: まで
F37: 年 | H37: 月 | J37: 日 | K37: から
F38: 年 | H38: 月 | J38: 日 | K38: まで
C39: 携わった 主な作品 | E39: 実施日 | L39: 演目等 | W39: 出演者
C42: 主な受賞歴 | E42: 受賞年月 | L42: 演目等
C46: □ | D46: 芸術監督 等 | G46: □ | H46: 劇場・音楽堂等 経営責任者 | O46: □ | P46: プロデューサー 等 | V46: □ | W46: 舞台技術責任者
C47: 氏名 | E47: （ふりがな） | R47: 所属・役職
C49: 雇用形態 | E49: □常勤（任期なし） | I49: □常勤（任期あり） | M49: 任期： | N49: 選択 | P49: 年 | R49: 月 | T49: 日 | U49: ～令和 | W49: 年 | Y49: 月 | AA49: 日
E50: □非常勤 | I50: □外部委託 | M50: 任期： | N50: 選択 | P50: 年 | R50: 月 | T50: 日 | U50: ～令和 | W50: 年 | Y50: 月 | AA50: 日
C51: 経歴 | E51: 期間 | L51: 所属及び職務内容
F52: 年 | H52: 月 | J52: 日 | K52: から
F53: 年 | H53: 月 | J53: 日 | K53: まで
F54: 年 | H54: 月 | J54: 日 | K54: から
F55: 年 | H55: 月 | J55: 日 | K55: まで
F56: 年 | H56: 月 | J56: 日 | K56: から
F57: 年 | H57: 月 | J57: 日 | K57: まで
F58: 年 | H58: 月 | J58: 日 | K58: から
F59: 年 | H59: 月 | J59: 日 | K59: まで
C60: 携わった 主な作品 | E60: 実施日 | L60: 演目等 | W60: 出演者
C63: 主な受賞歴 | E63: 受賞年月 | L63: 演目等
C67: □ | D67: 芸術監督 等 | G67: □ | H67: 劇場・音楽堂等 経営責任者 | O67: □ | P67: プロデューサー 等 | V67: □ | W67: 舞台技術責任者
C68: 氏名 | E68: （ふりがな） | R68: 所属・役職
C70: 雇用形態 | E70: □常勤（任期なし） | I70: □常勤（任期あり） | M70: 任期： | N70: 選択 | P70: 年 | R70: 月 | T70: 日 | U70: ～令和 | W70: 年 | Y70: 月 | AA70: 日
E71: □非常勤 | I71: □外部委託 | M71: 任期： | N71: 選択 | P71: 年 | R71: 月 | T71: 日 | U71: ～令和 | W71: 年 | Y71: 月 | AA71: 日
C72: 経歴 | E72: 期間 | L72: 所属及び職務内容
F73: 年 | H73: 月 | J73: 日 | K73: から
F74: 年 | H74: 月 | J74: 日 | K74: まで
F75: 年 | H75: 月 | J75: 日 | K75: から
F76: 年 | H76: 月 | J76: 日 | K76: まで
F77: 年 | H77: 月 | J77: 日 | K77: から
F78: 年 | H78: 月 | J78: 日 | K78: まで
F79: 年 | H79: 月 | J79: 日 | K79: から
F80: 年 | H80: 月 | J80: 日 | K80: まで
C81: 携わった 主な作品 | E81: 実施日 | L81: 演目等 | W81: 出演者
C84: 主な受賞歴 | E84: 受賞年月 | L84: 演目等
C88: ※略歴については、例外的にページの追加を可とします（但し、各項目の記入欄の追加は不可とします。）。 ※ページを追加する場合、上記表をコピーしてこの下に追加してください（シートをコピーすることはできません。）。

Sheet 様式1-5_3（基本情報）
B2: ５．財務状況 | R2: ←以下、応募時点での内容を入力してください。
B3: □ | C3: 劇場・音楽堂等 | F3: □ | G3: 法人 | R3: ←チェックボックスを選択してください。
B4: ※ 複数の劇場・音楽堂を管理している法人の場合は、可能な限り法人全体ではなく、要望している劇場・音楽堂等の財務状況を記載してください。
O5: （単位：千円）
C6: 項目 | K6: 令和６年度 | M6: 令和７年度 | O6: 令和８年度
O7: (見込み）
B8: 収入 | C8: 事業収入
C9: 入場料収入
C10: 施設利用料
C11: 指定管理料
C12: 補助金・助成金 | K12: =SUM(K13:L17) -> 0 | M12: =SUM(M13:N17) -> 0 | O12: =SUM(O13:P17) -> 0
D13: 文化庁
D14: 日本芸術文化振興会
D15: その他の国の機関 名称： | G15: 記入してください
D16: 地方公共団体
D17: その他 名称： | F17: 記入してください
C18: 民間助成金 名称： | E18: 記入してください
C19: 協賛金
C20: 賛助会費 | K20: =SUM(K21:L22) -> 0 | M20: =SUM(M21:N22) -> 0 | O20: =SUM(O21:P22) -> 0
D21: 個人
D22: 法人
C23: 友の会会費収入 | K23: =SUM(K24:L25) -> 0 | M23: =SUM(M24:N25) -> 0 | O23: =SUM(O24:P25) -> 0
D24: 個人
D25: 法人
C26: 寄付金 | K26: =SUM(K27:L28) -> 0 | M26: =SUM(M27:N28) -> 0 | O26: =SUM(O27:P28) -> 0
D27: 個人
D28: 法人
C29: その他 内容： | E29: 記入してください
C30: 計 | K30: =SUM(K8,K10,K9,K11,K12,K18,K19,K20,K23,K26,K29,) -> 0 | M30: =SUM(M8,M10,M9,M11,M12,M18,M19,M20,M23,M26,M29,) -> 0 | O30: =SUM(O8,O10,O9,O11,O12,O18,O19,O20,O23,O26,O29,) -> 0
B31: 支出 | C31: 事業費 | K31: =SUM(K32:L36) -> 0 | M31: =SUM(M32:N36) -> 0 | O31: =SUM(O32:P36) -> 0
D32: 公演事業
D33: 人材養成事業
D34: 普及啓発事業
D35: 共生社会事業
D36: その他 内容： | F36: 記入してください
C37: 管理費(※1) | D37: 会館管理運営費
D38: 一般管理費
C39: 人件費(※2)
C40: その他 内容： | E40: 記入してください
C41: 計 | K41: =SUM(K31,K37,K38,K39,K40) -> 0 | M41: =SUM(M31,M37,M38,M39,M40) -> 0 | O41: =SUM(O31,O37,O38,O39,O40) -> 0
B42: 収益率（％） | K42: =IFERROR(K30/K41,"") | M42: =IFERROR(M30/M41,"") | O42: =IFERROR(O30/O41,"")
B43: ※１ 当助成事業による助成金は「日本芸術文化振興会」に計上してください。 ※２ 管理費、人件費を区分し難い場合は、「管理費・人件費」と一本化して記入してください。

Sheet 様式1-5_4（持続可能性）
B2: ６．持続可能性に関するチェックシート | T2: ←以下、応募時点での内容を入力してください。
B4: 以下の設問に対し、当該劇場・音楽堂等の管理運営団体における状況について、「はい」「いいえ」「対応検討中」のいずれかにチェック☑をつけてください。（プルダウンメニューから選択してください。）
A6: 設 問 | M6: 回 答
B7: （１） | C7: （芸術監督）芸術監督等、劇場運営の芸術面を統括する人材が配置されている。 | M7: □ | N7: はい | O7: □ | P7: いいえ | Q7: □ | R7: 対応 検討中
B8: （２） | C8: （長期的経営）長期的視点に立ち、劇場運営を統括する、経営実務者が配置されている。 | M8: □ | N8: はい | O8: □ | P8: いいえ | Q8: □ | R8: 対応 検討中
B9: （３） | C9: （専門人材の確保）今日的な劇場運営に必要な職能や専門性を踏まえ、運営体制が整備されている。あるいは専門人材の確保や育成に努めている。 | M9: □ | N9: はい | O9: □ | P9: いいえ | Q9: □ | R9: 対応 検討中
B10: （４） | C10: （職制の整理）芸術監督、館長、支配人、プロデューサー、その他管理職の職位及び職能、一般職員の職務内容等が専門性を基に整理され、役割分担されている。 | M10: □ | N10: はい | O10: □ | P10: いいえ | Q10: □ | R10: 対応 検討中
B11: （５） | C11: （世代間バランス）年齢バランスを考慮した人材確保を行っている（若年層の雇用に努めている）。 | M11: □ | N11: はい | O11: □ | P11: いいえ | Q11: □ | R11: 対応 検討中
B12: （６） | C12: （ジェンダーバランス）女性管理職比率が30％以上である。あるいは、女性の管理職やリーダー職への登用に努めている。 | M12: □ | N12: はい | O12: □ | P12: いいえ | Q12: □ | R12: 対応 検討中
B13: （７） | C13: （ワークライフ・バランス）仕事と育児・介護等の両立支援制度を整備し、推進している。 | M13: □ | N13: はい | O13: □ | P13: いいえ | Q13: □ | R13: 対応 検討中
B14: （８） | C14: （コンプライアンス順守）情報セキュリティをはじめ、各種コンプライアンスの順守規定を策定し、必要な研修を行っている。 | M14: □ | N14: はい | O14: □ | P14: いいえ | Q14: □ | R14: 対応 検討中
B15: （９） | C15: （ハラスメント防止対策）職場内及び創作現場におけるパワー・ハラスメント、セクシュアル・ハラスメント等防止のための指針等を策定・周知し、必要な研修を行っている。 | M15: □ | N15: はい | O15: □ | P15: いいえ | Q15: □ | R15: 対応 検討中
B16: （10） | C16: （適正な契約事務）アーティストやスタッフと適正な契約書を交わしている。 ※文化庁「文化芸術分野の適正な契約関係構築に向けたガイドライン」（令和４年７月２７日 文化芸術分野の適正な契約関係構築に向けた検討会議）参照のこと | M16: □ | N16: はい | O16: □ | P16: いいえ | Q16: □ | R16: 対応 検討中
B18: ※「いいえ」「対応検討中」にチェックとした項目について、問題意識や今後の取組予定があれば、記述してください。

Sheet A-3自己申告書
A2: 令和9年度 助成金交付要望書 組織運営等に関する自己申告書 | K2: Ａ－３
G5: 団体名 | H5: =IF(共通入力シート!B12=0,"",共通入力シート!B12) | L5: 青色セルは自動で入力されます。
G6: 代表者役職名・氏名 | H6: =IF(共通入力シート!B16=0,"",共通入力シート!B16 & " " & 共通入力シート!B17) | L6: 0 | M6: 0 | N6: 0 | O6: 0
A8: 当団体の運営状況等については次のとおりです。なお、当団体の代表者として、本申告書の内容に虚偽がないことを誓約します。
A10: 運営
A11: １．定款等
B12: 〇定款等を適切に定めている。
B13: 備考 | L13: 「該当なし」を選択した場合や補足事項がある場合は備考に詳細をご記入ください
A15: ２．意思決定機関
B16: ○団体の意思等を決定する機関（社員総会、評議員会等）を設置している。
B17: ○理事会等を定期的に開催している。
B18: ○理事会等の議事録を作成している。
B19: ○事業計画及び収支予算並びに事業報告及び収支決算について理事会等の決議を経ている。
B20: 備考 | L20: 「該当なし」を選択した場合や補足事項がある場合は備考に詳細をご記入ください
B22: 次の設問は、理事会・評議員会を設置している場合のみ回答してください。
B23: 〇理事会・評議員会の構成についてジェンダーバランスに配慮している。
C24: （「はい」の場合）配慮の具体的な内容
A28: ３．運営事務
B29: ○経理責任者は明確になっている。
B30: ○現預金の出納責任者は明確になっている。
B31: ○銀行印の管理責任者は明確になっている。 | L31: 銀行印を保有していない団体は、「該当なし」を選択してください。
B32: ○事務の執行に当たっては、各担当者の権限と責任が明確になっている。
B33: 〇業者選定等に関する規程等を整備している。
C34: （「はい」の場合）整備している規程等の具体的な内容
B37: ○予算執行に係る全ての証憑（契約書・領収書等）を善良な管理者の注意をもって５年間以上保管している。
B38: 〇利益相反取引を行っていない（適切な承認手続きを経たものを除く）。
B39: ※利益相反取引とは、団体の関係者の利益と団体の利益が対立する、または対立するおそれのある取引のことを指す。
B40: ○手許現金有高は、定期的に出納担当者以外の者が出納簿と照合している。
B41: ○法人税や消費税、源泉所得税等で必要な申告義務を適切に実施している。
B42: 備考 | L42: 「該当なし」を選択した場合や補足事項がある場合は備考に詳細をご記入ください
A44: 財務
A45: ４．財務諸表等
B46: ○会計帳簿（仕訳帳・総勘定元帳等）を作成している。
B47: ○財務諸表（貸借対照表・損益計算書等）を作成している。
B48: ○財務諸表（貸借対照表・損益計算書等）を公表している。
B49: ※本項目における「公表」とは、ウェブサイトに掲載していること、もしくは事務所に備え付け一般からの要望があれば常に閲覧できる状態にしていることを指す。
B50: 備考 | L50: 「該当なし」を選択した場合や補足事項がある場合は備考に詳細をご記入ください
A52: ５．監査
B53: 〇実施している監査の種類
C54: （当てはまるものにチェックを入れ、右側に必要事項を記入）
C55: 外部監査 （監査法人、公認会計士による会計監査） | F55: 監査法人、公認会計士の名称
F56: 直近の監査報告書の提出日 | H56: 令和 年 月 日
C57: 内部監査 （監事監査、監査役監査による会計監査） | F57: 監事監査、監査役監査の氏名
F58: 直近の監査報告書の提出日 | H58: 令和 年 月 日
C59: 内部監査に準じた監査 | F59: 監査の具体的内容および 監査報告書作成の有無
B61: 備考 | L61: 補足事項がある場合は備考に詳細をご記入ください
A63: 活動環境
A64: ６．労務管理・契約状況
B65: 〇団体として労働基準法が適用される出演者・スタッフ等を雇用している。
B66: 備考 | L66: 「その他」を選択した場合や補足事項がある場合は備考に詳細をご記入ください
B68: 以下は、団体として労働基準法が適用される出演者・スタッフ等を雇用している場合のみ回答してください。 団体内部に上記の雇用者がいない場合、「外部との取引」から先を続けて記入してください。
B69: 団体内部 雇用契約状況について
B70: 〇労働基準法令に則り、就業規則を定め（※）、雇用者の労働時間・休憩・休日等を適切に管理している。 ※常時10人以上の雇用者がいる場合には就業規則の作成および事業所の所在地を管轄する労働基準監督署への届出が必要。 | L70: 労働基準法に基づく管理のポイントは、以下の厚生労働省のホームページ等でご自身でご確認ください。 ◆厚生労働省 労働基準関係リーフレット「労働基準法の基礎知識」 https://www.mhlw.go.jp/stf/seisakunitsuite/bunya/0000056460.html
B71: 〇雇用契約書の取り交わし等、雇用者に対して書面により労働条件（※）を明示している。 ※書面により明示すべき労働条件は法令で定められている。
C72: （「はい」の場合）労働条件の明示の方法（契約書、その他） | L72: 雇用契約書（労働条件通知書）のひな型は、以下の厚生労働省のホームページ等でご自身でご確認ください。 ◆厚生労働省 主要様式ダウンロードコーナー（労働基準法等関係主要様式） https://www.mhlw.go.jp/stf/seisakunitsuite/bunya/koyou_roudou/roudoukijun/roudoukijunkankei.html
D73: その他の場合には具体的方法を記入→
B75: ○雇用者に対し、労務提供に対する報酬（賃金）条件を明確に定め、適切に支払っている。
B76: ※報酬（賃金）は通貨で、直接全額を、毎月１回以上、一定の期日を定め、最低賃金以上にて、支払う必要がある。
B77: ○雇用者を社会保険（健康保険、厚生年金保険、介護保険）に加入させている。 | L77: 社会保険の加入要件については、以下の厚生労働省のホームページ等でご自身でご確認ください。 ◆厚生労働省 社会保険適用拡大特設サイト「社会保険加入の対象者」 https://www.mhlw.go.jp/tekiyoukakudai/
B78: ※加入義務を有する有給職員を雇用していない場合等については、「該当なし」を選択すること。
B79: ○雇用者を労働保険（労災保険、雇用保険）に加入させている。
B80: ※加入義務を有する有給職員を雇用していない場合等については、「該当なし」を選択すること。
B81: 備考 | L81: 「該当なし」を選択した場合や補足事項がある場合は備考に詳細をご記入ください
B83: 外部との取引
B84: 〇外部と取引を行う際に書面での契約を事前に行っている。
B85: （「はい」の場合は以下の当てはまるもの全てにチェック）
C87: ①契約を行う相手方 | E87: 出演者 | F87: スタッフ | G87: 外部業者 | H87: その他 | I87: （ ）
C88: ②契約方法 | E88: 契約書 | F88: メール | G88: その他 | H88: （ ）
B90: 〇外部の出演者等に対し、規則等で出演料・稽古料等の単価を定めている。
B91: （「はい」の場合は以下の当てはまるもの全てにチェック）
C93: 給与 出演料 稽古料 報酬等（ ）
B95: 備考 | L95: 「該当なし」を選択した場合や補足事項がある場合は備考に詳細をご記入ください
B98: ハラスメント防止対策 | L98: ハラスメント等を防止するために必要な措置
B99: 〇法令等に則り、適切なハラスメント防止対策（方針の明確化・周知啓発、相談体制の整備、事案発生時の対応、プライバシー保護等）を行っている。 ※法令等では、パワー・ハラスメント、セクシャル・ハラスメント、マタニティ・ハラスメント等を防止するために必要な措置を講じることが義務づけられている。 ※ハラスメント防止対策は、雇用者のみならず、フリーランス等との関係でも同様の対応が求められているため、 「フリーランス・事業者間取引適正化等法」の遵守状況を確認する際にも併せて確認すること。 | L99: １．事業主の方針の明確化およびその周知・啓発 ・ハラスメントにあたる行為の内容・ハラスメントがあってはならない旨の方針を明確化し、団体内および関係者に周知・啓発すること。 ・ハラスメント行為者に対しては厳正に対処する旨の方針を就業規則等の文書に規定し、団体内および関係者に周知・啓発すること。 ２．相談（苦情を含む）に応じ、適切に対応するために必要な体制の整備 ・相談窓口をあらかじめ定め、団体内および関係者に周知すること。 ・相談窓口担当者が、内容や状況に応じ適切に対応できるようにすること。 ３．ハラスメントに係る事後の迅速かつ適切な対応 ・事実関係を迅速かつ正確に確認すること ・事実確認ができた場合には、速やかに被害者に対する配慮の措置を適正に行うこと。 ・事実確認ができた場合には、行為者に対する措置を適正に行うこと。 ・再発防止に向けた措置を講ずること（事実が確認できなかった場合も同様）。 ４．１から３までの措置と併せて講ずべき措置 ・相談者・行為者等のプライバシーを保護するために必要な措置を講じ、団体内および関係者に周知すること。 ・相談したこと、事実関係の確認に協力したこと等を理由として不利益な扱いを行ってはならない旨を定め、団体内および関係者に周知・啓発すること。 詳細は、関係省庁のホームページ等をご自身でご確認ください。 ◆厚生労働省 職場におけるハラスメントの防止のために （セクシュアルハラスメント/妊娠・出産等、育児・介護休業等に関するハラスメント/パワーハラスメント） https://www.mhlw.go.jp/stf/seisakunitsuite/bunya/koyou_roudou/koyoukintou/seisaku06/index.html
B100: （「はい」の場合）具体的な内容について記入してください。
B104: 安全管理（事故防止）対策 | L104: 詳細は、関係省庁のホームページ等をご自身でご確認ください。 ◆厚生労働省 安全・衛生 https://www.mhlw.go.jp/stf/seisakunitsuite/bunya/koyou_roudou/roudoukijun/anzen/index.html ◆厚生労働省 職場のあんぜんサイト https://anzeninfo.mhlw.go.jp/
B105: 〇出演者・スタッフ等の安全を確保するための管理体制を整備し、活動に伴う事故防止に必要な対策を実施している。
